Workbook

Sheet CIPFA_IFR4NPO_CONSULTATIONPART1
A1: Respondent.Serial | B1: Respondent.Origin (1/6) | C1: Respondent.Origin (2/6) | D1: Respondent.Origin (3/6) | E1: Respondent.Origin (4/6) | F1: Respondent.Origin (5/6) | G1: Respondent.Origin (6/6) | H1: Respondent.ID | I1: DataCollection.Status (1/9) | J1: DataCollection.Status (2/9) | K1: DataCollection.Status (3/9) | L1: DataCollection.Status (4/9) | M1: DataCollection.Status (5/9) | N1: DataCollection.Status (6/9) | O1: DataCollection.Status (7/9) | P1: DataCollection.Status (8/9) | Q1: DataCollection.Status (9/9) | R1: DataCollection.StartTime | S1: DataCollection.FinishTime | T1: DataCollection.MetadataVersionNumber | U1: DataCollection.TerminateSignal | V1: NameOfRespondent[{Name_of_person_providing_the_response}].TextQuestion | W1: GMC1a_Agreement | X1: GMC1a_IfNotWhyNot | Y1: GMC1a_SupportingInfo | Z1: GMC2a_Agreement | AA1: GMC2a_IfNotWhyNot | AB1: GMC2a_SupportingInfo | AC1: GMC2b_Agreement | AD1: GMC2b_IfNotWhyNot | AE1: GMC2b_SupportingInfo | AF1: GMC2c_Agreement | AG1: GMC2c_IfNotWhyNot | AH1: GMC2c_SupportingInfo | AI1: GMC3a_SupportingInfo | AJ1: GMC3b_SupportingInfo | AK1: GMC4a_Agreement | AL1: GMC4a_IfNotWhyNot | AM1: GMC4b_Agreement | AN1: GMC4b_IfNotWhyNot | AO1: GMC4b_SupportingInfo | AP1: GMC4c_Agreement | AQ1: GMC4c_IfNotWhyNot | AR1: GMC4c_SupportingInfo | AS1: GMC5a_MainChallenges | AT1: GMC5a_AlternativeModelFoundationFramework | AU1: FurtherUpdates | AV1: ProjectURL_Text | AW1: RandomID_Text | AX1: EmailAddressCopy
A2: 28 | B2: HTMLPlayer | H2: gemwyskc | I2: Completed | R2: 44282.692 | S2: 44282.709 | T2: 0.042361111 | V2: Robert Stephens | W2: Agree | Z2: Agree | AB2: Resource Providers include Members of the Board of Directors of the NPO who are usually volunteers who give their time and inputs for free and do not expect or request compensation for their services. | AC2: Agree | AF2: Agree | AI2: Guidance that is accrual-based the main challenge for small to medium-sized NPO’s is financing the cost of auditors to provide the detailed accrual-based accounting reports that most stakeholders require but do not provide funding to support. | AJ2: Guidance that includes non-financial information reporting requires that NPO’s select qualified and competent managers and accountants and members of their boards of directors. | AK2: Agree | AM2: Agree | AP2: Agree | AS2: The main challenges will be to ensure the requirements for transparency and reporting by NPO’s are added where appropriate. | AU2: Agree | AV2: https://www.ifr4npo.org/cp-survey | AW2: gemwyskc | AX2: rspragma@yahoo.com
A3: 43 | B3: HTMLPlayer | H3: z0kyjzp5 | I3: Completed | R3: 44329.794 | S3: 44329.871 | T3: 0.042361111 | V3: Namatai Moyo | W3: Agree | X3: I do agree with the broad characteristics proposed in Chapter 1 for describing NPOs. However, within the services provided by NPOs, as prescribed under section 1.4, there is a need to also include economic empowerment as well. As this is a very criticial service that NPOs also provide. | Z3: Agree | AC3: Agree | AD3: This is very much important and has being left out many times in lots of audits I have seen. I totally agree. | AF3: Agree | AH3: None at the moment that I could think of. | AI3: The accrual basis is much needed but finance staff within NPO sector currently lack the capacity to implement this accrual -based accounting. Something which needs to be looked into and see how it can be emphasised to staff whom are already working within the NPO sector and without capacity. | AJ3: I do not see any main challenges. This is perfect. It would also, be good if the auditors could also audit this information to see/verify the actual beneficaries said to be reached as stated in the report. | AK3: Agree | AL3: However, I am of the view that this time because of digitalization it might take a shorter time to create a guidance for NPOs. As compared to the 20 years mentioned in the chapter it might even take 5years. Just my thoughts. We have plenty of time with this COVID-19 situation at hand. | AM3: Agree | AP3: Agree | AS3: The main challenge would be that it is not quite used in my country of residence and thus, in summary people are not well veered with it. | AT3: None at the moment. | AU3: Agree | AV3: https://www.ifr4npo.org/cp-survey | AW3: z0kyjzp5 | AX3: nsmoyo21@yahoo.co.uk
A4: 45 | B4: HTMLPlayer | H4: h6xdo1yo | I4: Completed | R4: 44334.321 | S4: 44334.384 | T4: 0.042361111 | V4: Wessel Pretorius | W4: Agree | Y4: some NPOs has membership contributions as a revenue stream that could be added to the characteristics | Z4: Agree | AB4: beneficiaries of services could also be considered as important stakeholders | AC4: Agree | AE4: environmental impact and considerations could also be considered as reporting information | AF4: Agree | AI4: agree with the statement. however, accrual-based reporting requires special skills that could be a challenge and not affordable for many small NPOs | AJ4: the Global Reporting Initiative is also working on sustainability reporting standards that could be aligned with this guidance | AK4: Agree | AL4: care should be taken to avoid creating another burden for NGOs. Supplementary guidance attached to IFRS for SMEs could be considered to address this challenge | AM4: Agree | AO4: see comments above | AP4: Agree | AS4: as mentioned, the GRI standards could also be considered | AU4: Agree | AV4: https://www.ifr4npo.org/cp-survey | AW4: h6xdo1yo | AX4: wesselp@shelfpeople.co.za
A5: 59 | B5: HTMLPlayer | H5: d3rg2niy | I5: Completed | R5: 44367.515 | S5: 44367.545 | T5: 0.042361111 | V5: Nwachukwu Chukwuebuka Oguchi | W5: Agree | Z5: Agree | AC5: Agree | AF5: Agree | AH5: None of the standards for profit - oriented entities and governmental organizations currently address the financial reporting needs of NPO stakeholders (and other users of NPO financial reports) as they stand. | AI5: Well the usual challenges include:- 1. Leads to complex/technical accounting standards:- Concepts such as deferred taxes, depreciation, recognition of accruals & deferrals, accounting for provisions, accounting for adjusting events after the reporting date etc can all be said to have their roots in Accrual Accounting. 2. Can lead to hard - to - understand financial statements:- Whilst accountants understand that the profit & Loss account does not, on its own, show that a business is doing well, lay persons may interpret accounting profit or loss too literally. 3. Increases cost of compliance:- Whilst this is a positive for the Accounting industry, the truth still remains that most accrual - based reports can only accurately prepared and interpreted by accountants. This comes at a cost to the reporting entity. | AJ5: The challenges are:- 1. Subjectivity:- Non - financial information cannot be measured to the same degree of accuracy as financial information. In any case, current standards are silent on measurement and recognition matters for non - financial information so reporting entities have to apply a great deal of judgement. 2. Easily manipulated:- Since the standards are mostly silent on recognition and measurement of most non - financial information, the reporting entity may choose to measure and recognize in whatever way it feels will be in its interest. | AK5: Agree | AM5: Agree | AP5: Agree | AS5: I applaud the use of IFRS for SMEs as a foundational framework if nothing else because it eliminates listed company accounting issues such as accounting for EPS and segmental reporting. The fact that IFRS for SMEs does not recommend complex accounting measurement and classification options (such as Fair Value Measurement for financial instruments) is also commendable. I support the use of IFRS for SMEs as the foundational framework. But again, it is profit - oriented and does not address the reporting requirements of NPO stakeholders. The Nonproft accounting standards developed by FASB in USA may be a better foundational framework. | AT5: The Nonproft accounting standards developed by FASB in USA may be a better foundational framework. This, if nothing else,is because it already has solved many of the issues we want resolved by an international NPO GAAP. | AU5: Agree | AV5: https://www.ifr4npo.org/cp-survey | AW5: d3rg2niy | AX5: nwachukwuaca18@gmail.com
A6: 71 | B6: HTMLPlayer | H6: iy36q62i | I6: Completed | R6: 44376.323 | S6: 44376.357 | T6: 0.042361111 | V6: Caroline Kariuki | W6: Agree | Z6: Agree | AC6: Agree | AF6: Agree | AI6: Many organisations like community based organisations and Faith based including churches many not have the capacity to hire trained personnel to handle accrual based accounting. They will also require resources to switch to IFRS for NPOs | AJ6: Reporting about the impact of the grant which in many cases takes years to realise. Others achievements are not tangible and can only be felt after a long time. There is no standard way of measures achievements and impact, different organisations use different methods, other do not put emphasis on measuring impact. Hiring staff to measure impact is also an issue for cash constrained organisations. | AK6: Agree | AM6: Agree | AP6: Agree | AS6: I have an issue to the notes of accounts. The standard language used is for SMEs not specifically NPOs. I believe every sector has its own language which is understood. | AU6: Agree | AV6: https://www.ifr4npo.org/cp-survey | AW6: iy36q62i | AX6: cknjeri1@gmail.com
A7: 80 | B7: HTMLPlayer | H7: x034cxpn | I7: Completed | R7: 44377.975 | S7: 44378.064 | T7: 0.042361111 | V7: Jeanette Calder | W7: Agree | Z7: Agree | AC7: Disagree | AD7: I don't think all stakeholders require the same level of information. For example does the public who is a legitimate stakeholder need to have access pertaining to the organisation's economy and efficiency. | AE7: The identified areas for information sharing are appropriate. The concern is whether all areas should be equally accessible by all stakeholders. | AF7: Agree | AI7: Can't think of any | AJ7: Don't know enough to provide a useful answer. | AL7: Don't know enough to provide a useful answer. | AN7: Don't know enough to provide a useful answer. | AQ7: Don't know enough to provide a useful answer. | AS7: Don't know enough to provide a useful answer. | AU7: Agree | AV7: https://www.ifr4npo.org/cp-survey | AW7: x034cxpn | AX7: jeanettec@jampja.org
A8: 85 | B8: HTMLPlayer | H8: b1jm24v3 | I8: Completed | R8: 44379.422 | S8: 44380.368 | T8: 0.042361111 | V8: Francis Mba | W8: Agree | X8: I wish the non profit sharing characteristic could emphasized more by making it the first. From my experience it is the most consistent and easy to identify characteristic. | Y8: A large volunteer work force. | Z8: Agree | AB8: Staff. NPO should also be accountable to the staff. When staff are not convinced about the accountability of an NPO some of them may undermine the mission of the NPO | AC8: Agree | AD8: Without accountability to external stakeholders some NPO may exploit the society at large. | AF8: Agree | AG8: The only hep I have seen in trying to harmonize reporting standard is the “companion guide”prepared by ACCA | AH8: Some of them invade the financial privacy of NPO with the excuse that their is no generally acceptable standard . | AI8: Most NPO cannot afford the staff that can guarantee consistent use of accrual accounting. Also most of their transactions are cash based meaning that they usually do not have debtors or creditors that make accrual accounting essential. | AJ8: I do not see any challenge except that their will be need to define key terminologies that will be used. | AK8: Agree | AL8: Even though NPOs are peculiar financial reporting is largely the same. | AM8: Agree | AP8: Agree | AU8: Agree | AV8: https://www.ifr4npo.org/cp-survey | AW8: b1jm24v3 | AX8: sicnarfabm@gmail.com
A9: 90 | B9: HTMLPlayer | H9: cluinvu9 | I9: Completed | R9: 44380.369 | S9: 44380.389 | T9: 0.042361111 | V9: Hillary Luboyera | W9: Agree | Z9: Agree | AC9: Agree | AF9: Agree | AJ9: Non financial information is imperative to be included in the Financial reports though a question arises when trying to match the figures with some of the non-financial information such as project progress may not be such an easy task. Thus, people may scrutinize or even compare the financial reports in relation to the non-financial information, some of which may not be "speaking the same language" | AK9: Agree | AL9: Yes they are. Provided that the international framework guidance has looked at length the different jurisdiction requirements as sort of found a general or common ground. | AM9: Agree | AP9: Agree | AU9: Agree | AV9: https://www.ifr4npo.org/cp-survey | AW9: cluinvu9 | AX9: luboyerah84@gmail.com
A10: 93 | B10: HTMLPlayer | H10: q9qbuqe3 | I10: Completed | R10: 44381.317 | S10: 44381.347 | T10: 0.042361111 | V10: Alper ASLAN | W10: Agree | Z10: Agree | AC10: Agree | AF10: Agree | AI10: modified cash-based is the best able to meet the financial information needs of a wide range of NPO stakeholders | AJ10: The objectives, strategy, risks, and performance of the NPO should all be included in the financial reports. This will assist stakeholders and funders in comprehending the NPO's entire position. | AK10: Agree | AM10: Agree | AP10: Agree | AS10: The primary challenge is persuading all stakeholders and contributors in the global guideline, as well as governments, to adhere to the same standards and instructions outlined in the global guideline and prevent the need for more and more reports. | AU10: Agree | AV10: https://www.ifr4npo.org/cp-survey | AW10: q9qbuqe3 | AX10: alperaslan2019@gmail.com
A11: 95 | B11: HTMLPlayer | H11: addme | I11: Completed | R11: 44381.563 | S11: 44381.819 | T11: 0.042361111 | V11: Rafat Bandak | W11: Agree | Z11: Agree | AB11: Community as NPO is responsible for all communities that it work for. | AC11: Agree | AF11: Agree | AK11: Agree | AM11: Agree | AP11: Agree | AU11: Agree | AV11: https://www.ifr4npo.org/cp-survey | AW11: addme | AX11: rafat@bandak.ps
A12: 97 | B12: HTMLPlayer | H12: s2e7wlul | I12: Completed | R12: 44383.847 | S12: 44383.865 | T12: 0.042361111 | V12: ANDRE MAKUTUBU BALIBWANABO | W12: Agree | Z12: Agree | AC12: Agree | AF12: Agree | AI12: N/A | AJ12: N/A | AK12: Agree | AM12: Agree | AP12: Agree | AS12: IFRS for SMEs is not the international model it can change in each country | AT12: I purpose the IFRs | AU12: Agree | AV12: https://www.ifr4npo.org/cp-survey | AW12: s2e7wlul | AX12: balibwanabo@hotmail.com
A13: 102 | B13: HTMLPlayer | H13: ucgkhmrz | I13: Completed | R13: 44385.69 | S13: 44385.707 | T13: 0.042361111 | V13: Rumiya Kamari | W13: Agree | Z13: Agree | AC13: Agree | AF13: Agree | AI13: Modified Cash seems to be the best as it combines both accounting basis. If it can be standardised across NPOs, that might solve many problems | AK13: Agree | AM13: Agree | AS13: IFRS for SMEs has its limitation and I believe IFR4NPO can fill the gaps | AU13: Agree | AV13: https://www.ifr4npo.org/cp-survey | AW13: ucgkhmrz | AX13: Rumiya.Kamari@plan-international.org
A14: 110 | B14: HTMLPlayer | H14: dajfgtpp | I14: Completed | R14: 44388.85 | S14: 44388.875 | T14: 0.042361111 | V14: Meti Busha | W14: Agree | Z14: Agree | AC14: Agree | AF14: Agree | AI14: The issue of change resistance for some NPO's might be a challenge. In addition, the cost involved in accepting the change from the previous system to full accrual based system might be a challenge. | AJ14: The challenge of having non financial information included in the report will be the effort, time and expertise to meet the requirement will be additional issue that the organizations have to think about. Therefore it may take time for organizations to accept and adopt it. | AK14: Agree | AM14: Agree | AQ14: The question is not clear to me | AS14: The challenges with the proposed model will could be: 1. The confusion it may create with just on the process of moving to IPSAS then this model again comes in. 2. the cost of adopting it as it capacity to accept and move to the proposed system | AU14: Agree | AV14: https://www.ifr4npo.org/cp-survey | AW14: dajfgtpp | AX14: metiwaaq@gmail.com
A15: 127 | B15: HTMLPlayer | H15: rz5m7rq5 | I15: Completed | R15: 44390.63 | S15: 44405.383 | T15: 0.042361111 | V15: Tim Boyes-Watson | W15: Agree | Z15: Agree | AB15: I believe the trustees should be viewed as a group that NPOs are accountable to, as there is often significant separation between the executive management and voluntary trustees. | AC15: Agree | AE15: There may be a case for adding information about what an NPO's values are and how it puts those values into practice. | AF15: Agree | AH15: The lack of harmonisation in expenditure classification and recognition is a major burden on NPOs in their donor financial reporting. International consistency on expenditure classification in audited acccounts could form a new and better basis for harmonising expenditure classification in grant reporting to donors. As part of this a lack of consistency in defining overheads partly drives a starvation cycle of inadequate cost recovery. Given the current distribution of which countries have developed NPO standards or guidance, this discriminates against NPOs from Global South countries that apply for funds compared to NPOs headquartered in the Global North, who can prepare their accounts in ways that meet theirs and donors' needs more fully. Misunderstandings about the role and use of reserves undermines the ability of NPOs to build reserves and ensure their financial sustainability and independence. Almost no donors currently accept the need to build reserves as a legitimate use of grant funds. As donor funding often enables NPOs to grow, this can leave NPOs with less reserves coverage and therefore more financially fragile at the end of the grant. | AI15: Many donors, especially government donors, insist on cash-based special purpose reports. If this conflicts with the guidance it may create reluctance to adopt, or complications for NPOs if they apply accruals accounting in their underlying financial records. | AJ15: The challenge can be that this acts as a burden and becomes too complex so that it confuses rather than informs users. | AK15: Agree | AM15: Agree | AP15: Agree | AS15: There may be challenges that stem from the underlying core conceptual framework that underpins all standards developed for the for-profit sector being focused on delivering a different key purpose than the key purpose of non-profit accounts. However, there is a need to start somewhere and existing international standards give a headstart. | AT15: Emerging thinking from New Zealand non-profit accounting should be looked at carefully to see if any of their attempts to chart a more complete framework can be drawn on in developing this guidance. There may also be lessons from integrated reporting and social auditing that could lead to guidance about including quantitative reporting that speaks more to the non-financial objectives and impact of non-profits. However, this will need to be weighed carefully to ensure it adds more value to users than the additional reporting burden it might represent. | AU15: Agree | AV15: https://www.ifr4npo.org/cp-survey | AW15: rz5m7rq5 | AX15: tim.boyeswatson@humentum.org
A16: 142 | B16: HTMLPlayer | H16: 792j0v0u | I16: Completed | R16: 44390.871 | S16: 44398.779 | T16: 0.042361111 | V16: Olufemi Temidayo Akintoye | W16: Disagree | X16: It is important to focus on the name "NPO" to avoid ambiguity. This project is about NPO hence, Legal Status should be considered as the most important basis for identifying and recognizing an NPO. Recently, many private organizations are getting fundings to implement grants and even though they deliver services for the public benefit they are driven by profit also. In 2019, Chemonics received $1.5 Billion from USAID alone, but they are not NPOs. So there is a need to have a clear difference between an NPO and a PO organisation and the major area of distinction is the legal status, which should be considered in describing NPOs. Secondly, the grant "income" in the third characteristic should be considered as revenue or funding. So, it should read "may have significant voluntary funding and grant revenue" or may have significant voluntary and grant funding. Revenue represents funds received for project implementation while income is the amount remaining after subtracting all expenses associated with project implementation. So the emphasis should be on revenue as against income. | Y16: Legal Status should first be the basis for describing an NPO. The character approach is too generic and this can cause confusion to many organisations who by characteristics fit into any of the options provided. However, Legal Status means that before any organisation considers itself as an NPO, it must first register within its jurisdiction as such. Usually, during registration, an organisation must have met the criteria of an NPO which is not far from the characteristics mentioned in GMC 1(a). | Z16: Agree | AA16: I am assuming that the Government and its Agencies are part of the regulators. | AC16: Agree | AE16: Proposed alternative areas include Risk Management and Sustainability reporting. The misappropriation of Donor's funds and the recent effect of the COVID pandemic has shown that risk management is important as it concerns the going concern of NPOs. Stakeholders need to know the effort made in identifying and understanding the risks to which an organization is subjected and then finding ways to mitigate and manage such risk in a way that does not affect the going concern of the NPO. The second proposed area is Sustainability reporting. The recent floods in most European and African countries and heatwaves in the American countries resulting in the death of hundreds of people is a result of climate change. Stakeholders need to understand and have an overview of the NPOs economic, environmental and social impacts, caused by their day to day operations. | AF16: Agree | AH16: Another area of concern is reporting and accountability to donors and the type of grant being implemented by the NPO. For instance, while the standard grant encourages a high burn rate which favours the cash basis of accounting, Contract emphasis on cash savings and accrual can be comfortable use for reporting. A good example of this is an illustration of the purchase of a motor vehicle in the life of a project. Usually, the standard grant will expect that the total cost of purchase is expended and reported in the year purchase so that the burn rate for the period will be high. There is a need to have a common ground and acceptable standard for both standard grants and contracts, e.g fixed cost price, Payment by result e.t.c to be reported, and this standard should address but project design and reporting once accepted by both the Donor's and implementing NPOs. | AI16: Great care needs to be exercised in the application of the accrual concept, because of its complex nature especially for NPOs with short-term contracts and reimbursable projects and also with limited unrestricted funds. A faulty application could lead to a cash constraint or a working capital crisis. A practical way of explaining this is using an advance payment like office rent. If an organisation pays $120,000 for a year rent and needs to report such expenses using a cash basis, the whole amount of $120,000 is expensed in the month it is paid. For accrual basis, and going by the matching concept of accounting $10,000 only is expensed every month. So for an NPO that has and relies on reimbursable grants, when using the accrual basis, the report to the donor will only contain $1,000 expenditure on rent for the period whereas, $120,000 cash has gone out from its bank and that means, the donor will only be reimbursed the organisation $10,000 and this could lead to cash crisis. | AJ16: No main challenge par se, however, for this to happen there is a need to have the substantive involvement of the Board of Trustees of the NPOs. Substantive involvement is easy to achieve for big NPOs, but the same cannot be said for smaller NPOs like the Community Based Organisations who have limited fundings in bringing their BOT together at least once in a year. | AK16: Agree | AM16: Agree | AO16: To what extent does the framework meet the requirements of the providers of funds. The For-Profit Organisations are majorly accountable to their investors because they are the providers of funds. The Public sectors are majorly accountable to the citizens because they are the owners of the fund. For NPOs, the Funders/Donors are the major stakeholders because they provide the funds, hence, their guidelines and requirement should be considered as major criteria used in assessing framework suitability. | AP16: Agree | AR16: Financial Asset especially inventories. In the last two years, the amount spent on PPE (Personal/Personel Protective Equipment) has increased significantly because of the COVID Pandemic. Before this time, millions of dollars have been spent on drugs held for or transferred to facilities, large quantities of M&E materials for data reporting e.t.c. At the end of a reporting period, most of these items are at our warehouses and stores. How do we value them? should we bring them to our books? | AS16: The providers of funds guidelines are not considered at all in the development of SMEs and in order for this project (IFR4NPO) successful and adoption easier and acceptable, the interest and position of the Donor's must be strongly considered. | AT16: Due to the reason above, Donor's guidelines plus IFRS for SMEs. | AU16: Agree | AV16: https://www.ifr4npo.org/cp-survey | AW16: 792j0v0u | AX16: akintoyefemi2011@yahoo.com
A17: 144 | B17: HTMLPlayer | H17: 2ol0c7pp | I17: Completed | R17: 44391.211 | S17: 44391.258 | T17: 0.042361111 | V17: Samantha Mutemera | W17: Agree | Z17: Agree | AC17: Agree | AF17: Agree | AI17: NPOs use the cash basis for their accounting as they only use the funds available from the grants or donations. | AK17: Agree | AM17: Agree | AP17: Agree | AS17: SMEs are profit making smaller organizations which normally have full entitlement to the assets which they will be using, whilst NPOs are not into profit making nor do they normally have ownership of their assets. The NPOs also need to fully adhere to the donor’ s instructions. These differences need to be carefully noted in making use of the IFRS for SMEs as the foundational framework. | AU17: Agree | AV17: https://www.ifr4npo.org/cp-survey | AW17: 2ol0c7pp | AX17: samanthamutemera@gmail.com
A18: 145 | B18: HTMLPlayer | H18: 6oz49fgp | I18: Completed | R18: 44391.277 | S18: 44391.288 | T18: 0.042361111 | V18: Rutendo M | W18: Agree | Z18: Agree | AC18: Agree | AF18: Agree | AK18: Agree | AM18: Agree | AP18: Agree | AU18: Agree | AV18: https://www.ifr4npo.org/cp-survey | AW18: 6oz49fgp | AX18: rutendovalleriemakumbinde@gmail.com
A19: 147 | B19: HTMLPlayer | H19: c2abo2oc | I19: Completed | R19: 44391.483 | S19: 44392.443 | T19: 0.042361111 | V19: Dunstan Ian Rukare | W19: Agree | Z19: Agree | AC19: Agree | AF19: Agree | AI19: The challenge is to educate and train stakeholders and preparers of NPO financial statements. There may be need to develop standard operating procedures to ensure accrual accounting practices adopted at NPO's. | AJ19: None | AK19: Agree | AM19: Agree | AP19: Agree | AS19: The main challenge would be in training and educating the different stakeholders on the benefits. The adoption and switch to IFRS for SME's should clearly show and highlight the significant benefits to these stakeholders, otherwise there may be resistance to change. | AU19: Agree | AV19: https://www.ifr4npo.org/cp-survey | AW19: c2abo2oc | AX19: drukare@gmail.com
A20: 149 | B20: HTMLPlayer | H20: 2zp9p5bi | I20: Completed | R20: 44392.436 | S20: 44407.441 | T20: 0.042361111 | V20: Leslie Williams | W20: Agree | X20: I feel that by and large these broad characteristics do capture the organisations that I feel should be within this framework | Z20: Agree | AA20: I strongly agree | AC20: Agree | AD20: These are the essential ingredients that governs an NPO's operation if information around these are not available then it stands to reason that an NPO should not exist. | AF20: Agree | AI20: The two main challenges I envisaged with the accrual-based accounting looking at my jurisdiction; Knowledge of accrual based accounting is almost non-existent amongst NPOs in Sierra Leone. This has to be an entire knowledge transformation process. Finance and non-finance staff have to be oriented which could include workshops and seminars and at a greater extent monitoring for a period after the trainings have been delivered to ensure that NPOs are able to apply the knowledge given. The other challenge is to do with the current accounting software and in some cases where it is excel based. Most accounting software for NPOs are not accrual based and as such will either have to be tailored to capture such in terms of having GR/IR capability to manage accruals or NPOs procuring software that can accommodate accrual accounting. This also has resource implications especially for smaller NPOs who might be using excel based systems. Some have moved to software packages and are still grappling with them to have to change again to an accruals based system will be somewhat challenging | AJ20: The main challenges I see here will be resource implications, human capacity to compile and craft these non-financial information, the appropriate recording keeping tools to enable the NPO to accurately report on non-financial information. Another challenge is whether NPOs will see non-financial information for stakeholders and reporting as necessary, will they view it as important and of greater relevance and will they have the 'will' to ensure that these are accurately and professionally presented within their reports. | AK20: Agree | AM20: Agree | AP20: Agree | AS20: I foresee issues around the disclosures, tailoring the existing disclosures to fit within the scope of the NPO sector. Some of these disclosures are extensive and quite complex and if not tailored properly will pose issues for NPOs in reporting against such disclosures. There could be issues around timing and relevance as some of these disclosures are updated regularly and the guidance could have been looking at the existing disclosures and by the time the guidance notes are released for implementation, these disclosures have been significantly amended or changed. | AT20: Not sure of an alternate model now, as we have to have a starting point and the existing standards, IFRS for SME's Full IFRS and IPSAS does provide a great platform to build to craft an appropriate guidance | AU20: Agree | AV20: https://www.ifr4npo.org/cp-survey | AW20: 2zp9p5bi | AX20: lesliewilliams_uk@yahoo.co.uk
A21: 150 | B21: HTMLPlayer | H21: 4398my3f | I21: Completed | R21: 44392.567 | S21: 44392.574 | T21: 0.042361111 | V21: Owen Mavengere | W21: Agree | Z21: Agree | AC21: Agree | AF21: Agree | AJ21: Assurance on that information might be a challenge. That being said non-financial information is critical for impact reporting which would show the effect of an NPO on its environment and society. | AK21: Agree | AM21: Agree | AP21: Agree | AS21: Income/revenue. Non exchange revenue may need to be adapted from IPSAS. | AU21: Agree | AV21: https://www.ifr4npo.org/cp-survey | AW21: 4398my3f | AX21: owenm@icaz.org.zw
A22: 157 | B22: HTMLPlayer | H22: qdzf7iyu | I22: Completed | R22: 44394.311 | S22: 44394.334 | T22: 0.042361111 | V22: Nigel Joseph Ndekwere | W22: Agree | Z22: Agree | AC22: Agree | AF22: Agree | AK22: Agree | AM22: Agree | AP22: Agree | AU22: Agree | AV22: https://www.ifr4npo.org/cp-survey | AW22: qdzf7iyu | AX22: njndekwere@gmail.com
A23: 158 | B23: HTMLPlayer | H23: 9nh8vamn | I23: Completed | R23: 44394.432 | S23: 44394.44 | T23: 0.042361111 | V23: Steve Brentnall | W23: Agree | Z23: Agree | AC23: Agree | AI23: Most charities are small and Receits and Payments accounting is perfectly OK | AK23: Disagree | AL23: No - not necessary. International is only required for a small number of NPOs. | AU23: Disagree | AV23: https://www.ifr4npo.org/cp-survey | AW23: 9nh8vamn | AX23: steve@brentnall.org
A24: 162 | B24: HTMLPlayer | H24: vi7k93j3 | I24: Completed | R24: 44396.457 | S24: 44396.493 | T24: 0.042361111 | V24: Hilda Hakiza | W24: Agree | Z24: Agree | AC24: Agree | AF24: Agree | AI24: Whilst I agree that Accrual-based guidance is preferred, the challenge is that many of these small to medium NPOs do not have in-house capacity and sometime rely on the external advisors/auditors. | AK24: Agree | AM24: Agree | AP24: Agree | AS24: The challenge I perceive is in regard to jurisdictions that may not follow or comply with the frameworks being drawn from. | AU24: Agree | AV24: https://www.ifr4npo.org/cp-survey | AW24: vi7k93j3 | AX24: hhakiza@gmail.com
A25: 164 | B25: HTMLPlayer | H25: ibim123* | I25: Completed | R25: 44397.394 | S25: 44398.957 | T25: 0.042361111 | V25: Temitope Awolusi | W25: Agree | Z25: Agree | AC25: Agree | AF25: Agree | AI25: I believe that accrual based financial information is best but the donors will also need to understand the advantages of the accrual basis.Some expenses eg purchase of assets that are paid for instalmentally ,it should be clear at what point should this cost be recognized either at the point of the piecemeal payment,final payment or when the commitment is made with the supplier. | AK25: Agree | AM25: Agree | AP25: Agree | AU25: Agree | AV25: https://www.ifr4npo.org/cp-survey | AW25: ibim123* | AX25: temikola@yahoo.com
A26: 166 | B26: HTMLPlayer | H26: dwa44x6e | I26: Completed | R26: 44398.219 | S26: 44398.243 | T26: 0.042361111 | V26: Gibson Runesu | W26: Agree | Z26: Agree | AB26: Governments to which these services are provided as at the end of the day, the service provider would quantify the service and attributes to States whose beneficiaries belong. For example, donor A can actually say it gave Zimbabwe $2m food aid, just as an example | AC26: Agree | AF26: Disagree | AG26: The current requirements from different donors may be regarded as management reports that speak to internal information. For the general public my view is to have standardized reporting | AH26: Current accountability may be difficult to quantify the impact of services when defined from external stakeholders like government as it will be limited in accessing and interrogating of financial information. | AI26: I don't see main challenges as information will be standardized and comparable across different service providers | AJ26: Non-financial reporting in my view does not pose any major challenges if well guided on how to go about, especially if the frameworks are well defined. However, decisions made on judgemental can best be understood by the decision maker and so impact assessments of such non financial information reporting may be subjective at the end of the day. | AK26: Agree | AM26: Agree | AP26: Agree | AS26: SMEs have different sizes going down to small family businesses | AU26: Agree | AV26: https://www.ifr4npo.org/cp-survey | AW26: dwa44x6e | AX26: runesug@gmail.com
A27: 173 | B27: HTMLPlayer | H27: v7vpgcl7 | I27: Completed | R27: 44398.7 | S27: 44398.726 | T27: 0.042361111 | V27: Ufulu Chungu | W27: Agree | Z27: Agree | AC27: Agree | AF27: Agree | AI27: Smaller NPOs will need to employ more qualified accountants which they cannot afford to maintain on their payroll Manual based accounting systems may face challenges to process accrual-based transactions. Computerised (accounting software) better placed but the cost involved may be a drawback for smaller NPO | AJ27: The importance of documentation of activities. Does the NPO have the ability / capacity to properly document non-financial information? Can the NPO manage to hire an external consultant to assess / evaluate and report on the NPO’s non-finance activities? | AK27: Agree | AM27: Agree | AP27: Agree | AU27: Agree | AV27: https://www.ifr4npo.org/cp-survey | AW27: v7vpgcl7 | AX27: ufuluchungu@yahoo.com
A28: 176 | B28: HTMLPlayer | H28: 328pxa8x | I28: Completed | R28: 44399.421 | S28: 44399.549 | T28: 0.042361111 | V28: Li Chang | W28: Agree | Z28: Agree | AB28: Non-profit organizations should be accountable and accountable to service users, resource providers, and regulatory agencies. However, the description of these three external stakeholders is not comprehensive: First, the order of the three parties. According to the logic and importance of business development, it is recommended that the non-profit organizations be responsible for: regulatory agencies (legal and compliance), resource providers (starting point) and service users (end point). Second, there are doubts about the definition of service users. The guide mentions "Service users are those that benefit directly or indirectly from an NPO’s activities. Service users are those who directly or indirectly benefit from the activities of a non-profit organization." The starting point of the guidelines is the "direct or indirect beneficiaries", but how to judge the beneficiaries here? Does it include potential beneficiaries? Therefore, it is recommended to define "service users" as "the beneficiaries of the goals and moral legitimacy of non-profit organizations". Third, this chapter mainly emphasizes the external stakeholders, which meets the basic requirements, but the cost of formulating the guidelines is high, and it is necessary to make every effort to weigh the interests of all parties, including internal stakeholders and external stakeholders. Only considering external responsibility may consume a lot of internal resources, and these internal resources are also provided by external stakeholders. Therefore, weighing internal and external needs may also be considered. Internal stakeholders mainly include: management, employees, etc. | AC28: Agree | AE28: Basically agree. But whether to consider encouraging the disclosure of audit reports and organizational operational efficiency (such as corporate governance or internal control) information. The guidelines need to be forward-looking. One of the reasons for formulating guidelines to regulate is that non-profit organizations may have agency problems and some potential opportunistic behaviors. Although the guidelines require non-profit organizations to achieve goals, economic efficiency and effectiveness, compliance with restrictions and regulations, and disclosure of long-term financial health information, the reliability and authenticity of this information also need to be reviewed. The reliability and authenticity of information depends on how much the organization's internal governance and external audit can play a role. | AF28: Agree | AH28: This guide covers three aspects: Legal form, Speciﬁc NPO standards or none at all, and'Size' of NPO and reporting tiers, namely the legal form, the degree of detail of the institutional arrangements, and the differences between the institutional arrangements for different types of non-profit organizations, etc. Ask a question. However, it is recommended to consider supplementing the objectives of the institutional arrangements and the content of the structural system, and hope to add relevant examples to avoid general expressions. The current guide’s presentation of the question part is a signal: because the institutional arrangements of different jurisdictions are different, they need to be standardized and unified, and there is insufficient analysis of the degree of difference and coordinability of the institutional arrangements of different jurisdictions. In addition, in response to the financial accountability needs of donors, issues related to major concerns such as connected transactions can also be emphasized. | AI28: Accrual-based financial information is based on the separation of duties, with the complex and costly operation process, which imposes higher requirements on financial personnel, and it is not easy to select qualified financial personnel and control the implementation cost without strong financial support for small-sized NPOs. In addition, the lack of guidance from standards and documents in the process of defining competencies may result in inaccurate accounting data, etc. | AJ28: The inclusion of non-financial information is conducive to stakeholders' understanding of the performance of NPOs. But NPOs have obvious heterogeneity in terms of size and type, and the requirements for non-financial information vary from region to region. So how to ensure different financial reports’ consistency and comparability and simultaneously reflect the different NPOs’ characteristics will be a problem when we consider the inclusion within the Guidance of principles related to non-financial reporting information as the second core premise. | AK28: Disagree | AL28: The international framework has not been fully covered. At present, there are still some countries and regions that do not follow the international framework in accounting standards, and this situation is difficult to change in a short time.In this context, problems of convergence and conflict with existing accounting frameworks cannot be ignored if the guidance on financial reporting for non-profit organizations is required to take the international framework as a starting point. The economic environment, political environment and legal environment of countries and regions are significantly different, and the characteristics of non-profit activities and the interest demands for financial reporting standards are different.As far as the economic environment is concerned, many countries with modest economic strength may tend to learn from international frameworks for the sake of cost and benefit.However, countries with strong economic strength take less consideration of the cost. They will modify the international framework to achieve international convergence, use the international framework or use their own unique conceptual framework according to their own economic characteristics and their own interests. The political environment affects a country's right to speak in the formulation of international framework. The stronger the political influence of a country in the world, the higher its participation in the formulation of the international framework, and the more the international framework will reflect the interests of the country.When advocating the international framework as the starting point for the Guidelines, it is necessary to consider whether the existing international framework can represent the interests of relatively disadvantaged countries and regions, which determines whether the Guidelines can be truly accepted by these countries and regions and can be well implemented in these places.Many developing countries have limited say in the international arena, and their national interests can hardly be reflected in the formulation of international frameworks. The legal origin of individual countries and regions also needs to be taken into account in assessing whether it is reasonable to base the Guide on an international framework. It is relatively easy for countries and regions with similar legal systems to learn from each other, but difficult for countries with similar legal systems to learn from each other.The international framework is more of a reflection of the will and interests of western developed countries, and most of these countries implement the common law system. For other countries that also implement the common law system, if they insist on the international framework as a starting point, they will be able to absorb the financial reporting standards for non-profit organizations better and faster.For countries with civil law systems, however, they may face some obstacles. According to the review, the proposal to use an international financial reporting framework as the basis for financial reporting guidelines for NPOs needs to be more carefully argued in light of the heterogeneity across countries and regions. | AM28: Agree | AO28: The first criterion is "the extent to which the framework provides guidance on key issues for NPOs". As the description and analysis states, although existing guidelines can be used for NPOs in many areas, no framework can address all key issues specific to NPOs.This guide is aware of the inadequacy and strength of the international framework in solving the specific problems of non-profit organizations. However, the use of "key problems" in the standard is not direct enough. It is better to directly point out "specific problems". The second criterion is "whether the authors, auditors and users are familiar with and easy to use the framework". However, this is only a description. The essence of this criterion is that the degree of use of the conceptual framework varies greatly around the world, and the basic conditions for the implementation, use and understanding of international framework are different in different places.So I don't think measures like providing a simplified, easy-to-understand, regularly revised framework address the root cause and don't get to the heart of the problem.The essence of the problem lies in whether the financial reporting framework currently implemented by various countries and regions matches the international framework. The judgment of this dimension is necessary to be reflected as a standard. The third criterion, "How feasible is it to develop and maintain the guidance within the framework?" describes it as a more detailed measure of feasibility with "less complexity and fewer accounting solutions, disclosure requirements that are more appropriate to the nonprofit context, and less frequent revision." However, can the framework that meets the above three evaluation indexes still show superiority and effectiveness? It's worth a little more discussion. For example, IPSAS is more suitable for the disclosure requirements of not-for-profit organizations. IFRS for SMEs reduces the accounting options and only updates every five years or so on average. When these evaluation indicators cannot be represented in a framework, they need to be prioritized or weighted to calculate the overall score. | AP28: Agree | AR28: Although the existing international framework can be evaluated at a high level according to the above criteria, even so, the limited three criteria should not necessarily lead to the conclusion that the international framework is fully applicable to the NPO financial reporting guidelines.Due to the limitations of our cognition and research, there may be other factors that we fail to take into account or cannot observe, but play a key role in the essence of the problem. In addition, our high-level assessment of existing international frameworks against these criteria is done on the premise that we accept the recommendation to use existing international frameworks as the starting point for the guidance.We need to consider whether the criteria by which existing international frameworks are evaluated will change if this recommendation is not taken as a presupposition.For example, the advantages of the existing international framework compared to other frameworks, and the compatibility with the current implementation framework. | AS28: SMEs and NPOs are different in nature. SMEs aim at making profits, while NPOs do not aim at making profits. The different nature of them make certain differences in the preparation of financial reports.If IFRS for SMEs is to be used as the basis framework, that is to say, the financial reporting standards of profit organizations are to be used as the basis framework for the financial reporting standards of NPOs, there will inevitably be some incompatibility. The scope of application of IFRS for SMEs is: entity that publishes general purpose financial statements for external users and does not have public accountability. The applicability of IFRS for SMEs is entirely dependent on whether the entity has public accountability.However, NPOs are mainly engaged in fiduciary business and have public accountability, which may not be compatible with IFRS for SMEs. IFRS for SMEs may not address the reporting issues that are specific to NPOs.Full IFRS Standards, IPSAS and/or jurisdictional level standards may also need to be applied, as appropriate, for NPO-specific reporting issues.How to integrate different principles and guidelines is also a challenge. NPOs of different sizes have different reporting requirements. IFRS for SMEs as the basic framework may not be able to meet the reporting requirements of NPOs with complex business and large scale. Although there are some challenges, overall, I think IFRS for SMEs as the foundational framework is appropriate. | AU28: Agree | AV28: https://www.ifr4npo.org/cp-survey | AW28: 328pxa8x | AX28: 18641181626@163.com
A29: 180 | B29: HTMLPlayer | H29: z38ul5is | I29: Completed | R29: 44402.265 | S29: 44407.695 | T29: 0.042361111 | V29: Mark Jerome | W29: Agree | Z29: Agree | AC29: Agree | AF29: Agree | AI29: There are two risks: 1. It may not always be obvious when an event occurs. 2. Accrual-based accounting can be complex and require significant judgement. These increase the risk of confusion, inconsistency and error. | AJ29: There are no clear, settled criteria for reporting non-financial information: in some cases, there are no criteria; in others (e.g. environmental reporting), there are a number of different sets of standards, with different approaches and results. Unless the criteria for such reporting are clear, there is a risk that reports by different entities will not be readily comparable and that an entity may use inconsistent criteria and bases for reporting from one year to the next. | AK29: Agree | AL29: International frameworks make a good starting point, from which standards relevant to NPOs can be developed incrementally. | AM29: Agree | AO29: IFRS uses the concept of a hierarchy of standards (IAS 8: articles 10-12) to assist preparers in the absence of an IFRS that specifically applies to a transaction, other event or condition. (First, the requirements in IFRSs dealing with similar and related issues; second, the concepts in the Conceptual Framework; third, pronouncements of other standard‑setting bodies that use a similar conceptual framework) This approach could be used when a selected international framework does not specifically address transactions or other events and/or conditions that are relevant to NPOs. In addition, the presentation of budget information, addressed by IPSAS 24, is highly relevant to most NPOs that I have worked with. It is often requested by donors and management and would be useful to regulators and other stakeholders. | AP29: Agree | AS29: I note the statement that IFRS for SMEs may be more familiar than full IFRS or IPSAS. In my experience in South East Asia, any accountants who were comfortable with accrual accounting were familiar with IFRS; not many knew about IFRS for SMEs. | AT29: Is it possible to have a two-pronged approach, with IFRS or IPSAS for complex NPOs and IFRS for SMEs for less complex organisations? | AU29: Agree | AV29: https://www.ifr4npo.org/cp-survey | AW29: z38ul5is | AX29: mjerome@gcfund.org
A30: 181 | B30: HTMLPlayer | H30: djts4s8j | I30: Completed | R30: 44402.522 | S30: 44402.533 | T30: 0.042361111 | V30: Hisham Khilfeh | W30: Agree | Z30: Agree | AC30: Agree | AF30: Agree | AK30: Agree | AM30: Agree | AP30: Agree | AU30: Agree | AV30: https://www.ifr4npo.org/cp-survey | AW30: djts4s8j | AX30: hkhilfeh@tagi.com
A31: 182 | B31: HTMLPlayer | H31: jbzra4kt | I31: Completed | R31: 44402.636 | S31: 44402.696 | T31: 0.042361111 | V31: Mohammed Abdo Alsaidi | W31: Agree | Y31: deliver services for public benefit, because, the NPO created for provide the services and benefits to public. | Z31: Agree | AC31: Agree | AF31: Agree | AI31: The challenges in the forms of financial reports from Donors, which each donor has different form of financial report, that NPO toke time and effort to prepare the reports as per the donor forms and requirements, although, each NPO has accounting system and the reporting in those systems is standers which not matched with donor's reports form. so, We hope that all donors will standardize the reporting forms required from non-profit organizations. | AJ31: non | AK31: Agree | AM31: Agree | AP31: Agree | AS31: its ok, but almost of IFRS standers could not be used in the developing countries and countries affected by wars, famines and natural disasters | AT31: I don't know | AU31: Agree | AV31: https://www.ifr4npo.org/cp-survey | AW31: jbzra4kt | AX31: mohammed.alsaidi1@gmail.com
A32: 187 | B32: HTMLPlayer | H32: tc1mu1ge | I32: Completed | R32: 44403.672 | S32: 44403.679 | T32: 0.042361111 | V32: Eduardo Szazi | W32: Agree | Z32: Agree | AC32: Agree | AF32: Agree | AK32: Agree | AM32: Agree | AP32: Agree | AU32: Agree | AV32: https://www.ifr4npo.org/cp-survey | AW32: tc1mu1ge | AX32: eduardo@sbsa.com.br
A33: 188 | B33: HTMLPlayer | H33: 77owar31 | I33: Completed | R33: 44404.263 | S33: 44404.282 | T33: 0.042361111 | V33: Innocent Philips | W33: Disagree | X33: There a lot of for profit organizations providing social services/good which is delivered through contracts by funders and donors | Y33: Such organizations executing contracts and earning profit should be rightly placed as a normal organization. | Z33: Agree | AA33: It is need line with global best practices and humanitarian laws and principles | AC33: Agree | AF33: Agree | AI33: Most local organization do not systems and capacity to transit to the recommendations | AJ33: The main challenge is the different approach and expectation by funders. There is need for a congruence and harmonization of framework in this regard. | AK33: Agree | AM33: Agree | AP33: Agree | AS33: The proposed model I believe is adequate and should be fine tuned as further exploration are made to address areas on inadequacies. | AU33: Agree | AV33: https://www.ifr4npo.org/cp-survey | AW33: 77owar31 | AX33: hinephil2@yahoo.com
A34: 189 | B34: HTMLPlayer | H34: pbfpx56a | I34: Completed | R34: 44404.353 | S34: 44404.405 | T34: 0.042361111 | V34: Lawrence Akubori | W34: Agree | Z34: Agree | AC34: Agree | AF34: Disagree | AG34: This responses should have included 'partly agreed' and 'partly disagreed' - neither do I fully agree nor fully disagree with this statement. It may partly be true that, the imposition of data reporting templates/requirements are due to the absence/non availability of standardised accounting reporting templates/requirements/guidelines. Hence, this project may partly address this. I also partly disagree for this due to the following: 1. Donors would have referenced the non-uniformity of reporting standards for the imposition of their own reporting standards/requirements if it was so. 2. My experience with various donors revealed their non compliance or unwillingness to follow any other reporting/accounting standards/requirements other than what is imposed on them (donors) by their respective home countries states - the reason is the extra responsibility of complying with the requirements of standardised accounting reporting as this could be expensive and time consuming. | AI34: NPOs Operations are as fluid as for Profit Organisations, hence, a combination of accrual and cash basis in the form of the Modified Cash Basis takes on board the disadvantages of both the accrual and cash basis thus, making it the most appropriate to depict the operations and financial position (surplus/deficit) of the NPOs. Almost all NPOs are delivery services for public good and hence, its evaluative criteria would be the efficient use of resources. And to be able to determine its ability to effectively manage the resources it received from donors through value for money (VfM) measures, it is only appropriate to determine, measure and report costs lines items that are efficiently done through accrual basis and vice versa for costs lines items are efficiently measured and reported using the cash accounting basis. | AK34: Agree | AM34: Agree | AP34: Agree | AS34: I do agree with the statement in GMC 5(a) as it may be more acceptable globally in all jurisdictions. The main challenges, I see with the synchronisation of IFRS for SMEs drawing on the full IFRS, IPSAS and Jurisdictional level standards, would include, the level of resources required to pay for the time of committees/teams to under this task. The time frame requirement and consumption would be a major challenges. And, finally, the likely non buy-in of the existing bodies who developed and got IFRS, IPSAS etc approved for global usage. | AU34: Agree | AV34: https://www.ifr4npo.org/cp-survey | AW34: pbfpx56a | AX34: agombisah@gmail.com
A35: 191 | B35: HTMLPlayer | H35: ov6srxuk | I35: Completed | R35: 44404.994 | S35: 44405.24 | T35: 0.042361111 | V35: Belinda D'Souza | W35: Disagree | X35: A For Profit organisation can also deliver services for public benefit (eg private hospital) so maybe this should be followed by 'and' and not 'or'. | Y35: A more appropriate name for NPO may be For Purpose to change public expectation that NPO's shouldn't make a profit. | Z35: Agree | AC35: Agree | AD35: However, care would need to be taken on how to measure efficiency as this may not reflect the more important social impact where focus of a For Purpose organisation should be. ie if more needs to be spent for better social outcome this may show unfavourable efficiency if calculating on financial ratios alone. | AF35: Disagree | AG35: N/A - Only jurisdiction is Australia | AH35: Separate grant acquittal requirements within same jurisdiction adds to complexity and granularity of financial accuracy required. what would be immaterial for the organisation becomes material for each grant. | AI35: None other than revenue recognition criteria in line with AASB1058 and AASB15 where results are distorted due to timing of recognition of revenue vs expenses. | AJ35: Diversity and non-comparability between organisations. Within same organisation different program outcomes and time taken to clearly identify impacts may be well beyond reporting period. | AK35: Agree | AM35: Agree | AO35: International Frameworks should be start point. Learnings from national GAAP where For Purpose standards have been developed should be considered to incorporate learnings given not all met aspired objectives. (eg AASB1058) | AP35: Agree | AR35: IPSAS may be most relevant based on nature of organisations. I would need to better understand differences between IPSAS and IFRS and IFRS for SMEs to assess. Simplicity and relevance should be key criteria. | AS35: Revenue recognition and distortion of results; Obligation to report on some things that may not add value to the accounts within financial framework. May be better to report on things like volunteer contribution outside financial framework to not inappropriately distort accounts. | AU35: Agree | AV35: https://www.ifr4npo.org/cp-survey | AW35: ov6srxuk | AX35: bdsouza@redcross.org.au
A36: 192 | B36: HTMLPlayer | H36: svsgneus | I36: Completed | R36: 44405.224 | S36: 44405.692 | T36: 0.042361111 | V36: Arup Kumar Pal | W36: Agree | Z36: Agree | AC36: Agree | AF36: Agree | AI36: I accrual-based is ok to consider for greater consistency but it could be challenging for NPOs to convince some of the Donors where they specifically want cash or modified cash bases. E.g. One Donor has approved a budget to an NPO to procure a vehicle for a specific project (4 Years life cycle) literally Donor wish to see it as an expenditure into the Project but according to the accrual concept, this could turn into an asset and should have been depreciated throughout 4 years. | AJ36: Non-financial information reporting is an essential part of a better understanding of the performace of the project. The comprehensive reconciliation mechanism should have been used by the NPO and the engagement of both Financial and Non-Financial/Programme staff should be involved, accountable and better coordinated to provide appropriate information of the exercise. | AK36: Agree | AM36: Agree | AP36: Agree | AS36: One of the main challenges I can see is to harmonize different GAAPs (US/Canada GAAP vs. UK GAAP), to make the IFRS acceptable to the main Donors like USAID, EC, GAC, etc. | AU36: Agree | AV36: https://www.ifr4npo.org/cp-survey | AW36: svsgneus | AX36: arup678pal@gmail.com
A37: 195 | B37: HTMLPlayer | H37: mn2wehxy | I37: Completed | R37: 44405.331 | S37: 44405.411 | T37: 0.042361111 | V37: Collen Ngundu | W37: Agree | Z37: Agree | AB37: I suggest that stakeholders includes (internal stakeholders)-employees of the NPO and Board of Directors. As in some cases these important stakeholders are excluded as a group which requires information for accountability and decision-making purposes. | AC37: Agree | AF37: Agree | AI37: Since the cash-basis modified cash basis is not allowed under Generally Accepted Accounting Principles (GAAP) or International Financial Reporting Standards (IFRS). I agree that Accrual-based financial information would be appropriate. However; NPOs as part of the public sector should be given an option to use IPSAS- Cash basis- for financial reporting. | AJ37: I support non-financial information reporting for NPO's as this will increase and enforce transparency and accountability and non-financial performance is always intertwined to financial performance. As NPO’’s we have become comfortable with financial reporting and claim we transparent based on audited financial statements… My suggestion would be that the indicators (KPIs), measurement and evaluations process/guidelines/standards for the non-financial reporting is made simple and relevant for NPO’s. The challenges l see on non-financial information reporting can be summarised into the following categories: • Resources and capacity for small NPO’’s is normally limited, and this might mean challenges in getting the resources to prepare and issuing non-financial report. o Detailed audit, assurance and assessment of the non-financial data accuracy, review of reporting process and the information disclosed, and verification of data accuracy & completeness will but pressure on the limited NPO resources. • Regulation for compliance: Who will regulate non-financial information reporting for NPO’s, will it be mandatory of a best practise which benefit the reputation and publicity of the NPO? | AK37: Agree | AM37: Agree | AP37: Agree | AU37: Agree | AV37: https://www.ifr4npo.org/cp-survey | AW37: mn2wehxy | AX37: cngundu@itpcglobal.org
A38: 196 | B38: HTMLPlayer | H38: ca7kkg97 | I38: Completed | R38: 44405.348 | S38: 44407.451 | T38: 0.042361111 | V38: Wilfred Ndonye Kimeu | W38: Agree | Z38: Agree | AC38: Agree | AF38: Agree | AI38: The main challenge is complexity and donor engagement. Complexity comes about when most Ngo's employ staff who are coming from a commercial sector and are not ready to invest in training their staff in Ngo Accounting. To overcome this challenge, It is imperative that NGO's invest in the capacity of their staff so as to be able to understand and implement the changes necessary. The other issue in terms of complexity is the issue of organisational capacity in terms of systems already in place. It is known that the most NPOs will suffer from founders syndrome where he founder is not open to change and sees that best practice is bureaucratic as they just want to get things done and would rather they stick to cash basis. Without proper systems in place, then accrual basis will be difficult to implement. On the issue of donors, some of the donors are stringent when it comes to reporting . This means that the NPO must prepare 2 sets of accounts which can be cumbersome. If all major donors can be brought on board and accept the new standard by seeing the benefits that they will get, then that challenge would be adequately addressed. | AJ38: The essential aspects of NPO financial reporting guidance Include Quality transparency and comparability. The challenge here is the level of details need by the various donors. This will also depend on which thematic area the various NPOs are working in. If the donors in the various thematic areas can agree on the minimum level of detail to be included that adequately meets the needs of all the stakeholders then this challenge will be addressed. | AK38: Agree | AP38: Agree | AS38: The challenge is recognising at what point does an organisation use the IPSAS and jurisdictional level standards in additional. There is a need to come up with the relevant threshold as to when to apply the the full IFRS IPSAS & Jurisdictional level standards. It will be also important lobby jurisdictions to adopt the new NPO standards as opposed to having jurisdictional level standards | AU38: Agree | AV38: https://www.ifr4npo.org/cp-survey | AW38: ca7kkg97 | AX38: ndonkim@gmail.com
A39: 200 | B39: HTMLPlayer | H39: oerxt4az | I39: Completed | R39: 44405.751 | S39: 44405.765 | T39: 0.042361111 | V39: OUMOU WANE TOURE | W39: Agree | Z39: Agree | AC39: Agree | AF39: Agree | AI39: Big challenge is training in correct accrual accounting entries and related procedures, for NPOs | AJ39: Non financial information is useful for NPO full accountabilty such as to compare costs with physical achievements :like number of bénéficiaires, nature and amount of goods supplied, etc. Challenge is to link it to purpose / objectives of funding | AK39: Agree | AM39: Agree | AP39: Agree | AU39: Agree | AV39: https://www.ifr4npo.org/cp-survey | AW39: oerxt4az | AX39: oumou.meca@gmail.com
A40: 202 | B40: HTMLPlayer | H40: mk4v137o | I40: Completed | R40: 44406.276 | S40: 44406.353 | T40: 0.042361111 | V40: Getnet Haile | W40: Agree | Y40: Mobilize the community for a participatory social services (for some of the NPOs) | Z40: Agree | AC40: Agree | AE40: transparency in the course of utilisation of resources | AF40: Agree | AH40: The regulatory body (in our case the Agency for Civil Society Organization) also demands additional report requirement, which is often a burden too the NPOs. | AI40: The challenges often comes from the donors which would like to receive a cash basis report, especially for capital expenditures. Budgets are often prepared and agreed with donor on a cash basis approach where it will be difficult to track actual expenditures for capital items, if the depreciation expense part is only recorded. In some cases, donor would like to see commitments based on contracts (which are yet to be expensed) to be included in the report. This is not consistent with accrual basis of accounting. There are some donors which requires the report to include expenses incurred but not paid- which is consistent with the accrual basis of accounting. There are certain challenges also in connection with the recognition and reporting of denotation in kinds for materials and capital items. Some donors are fine with the inclusion and others not. Some donor requires reporting of the value of community participation in the financial report, which is often difficult to get a reliable measurement basis | AJ40: Challenges: Reconciliation of non-financial reports (activities) against the financial one - some activities may be reported as a non-financial performance (accomplishment) but may not qualify for recognition and measurement in the financial statement. Determination of the scope of the non-financial information disclosure will be a challenge as there are enormous number of stakeholders with different areas of interest. | AK40: Agree | AM40: Agree | AO40: Cost of report preparation. Most of the NPOs in the developing countries are very small and heavily dependent on donor funding and operate in a very restricted admin cost (due to pressure from donors and regulatory bodies). The cost of preparation of General Purpose financial statement will be expensive for small NPOs. It could be very helpful to consider a sort of a lighter version framework (like IPSAS for small NPOs). Adoption and application of IPSAS required a qualified finance staff, measurements of financial and and non-financial assets requires skills and manpower etc... | AP40: Agree | AR40: One size framework may not work for all NPOs. The flexibility within each framework need to be considered (like the multiple transition options, thresholds in the application of a given standards, .. | AS40: The main challenge is addressing of non-profit aspects of the NPO (Revenue from non-exchange transactions, budget variance reports, donation in kinds..., non-financial information...) | AT40: I suggest for having an IPSAS version for NPOs as we have the IFRS for SMEs. IPSAS is basically designed for Public (Government) which has huge and complex resources. Other than other big International NPOs, most of the NPOs in our context falls with a similar threshold for SMEs. It will be a challenge for an implementer selecting the appropriate standard from IFRS or IPSAS when it is not available at IFRS for SMEs. | AU40: Agree | AV40: https://www.ifr4npo.org/cp-survey | AW40: mk4v137o | AX40: getnet@targetethiopia.com
A41: 205 | B41: HTMLPlayer | H41: pttbih51 | I41: Completed | R41: 44406.35 | S41: 44407.277 | T41: 0.042361111 | V41: Fernando Catacora | W41: Agree | X41: I would add "deliver services or goods" for public benefit I would add the concept of inflows and outflows instead of the typical terminology for the For-profit type of entities. We think it is critical to create a specific dictionary of specific terms for NPOs | Z41: Agree | AB41: This needs heavy research in order to categorize all the different stakeholders involved as they relate to the NPO world. Field research into private and public databases would need to dig into the different relationships that can be depicted from the data. | AC41: Agree | AF41: Agree | AH41: As mentioned in previous responses, field research would be needed in order to provide what current needs and practices are in place for NPOs. All these foundations should be embodied in a "Conceptual Framework for NPOs" | AI41: Performance is a terminology related to the For Profit world. In our opinion a better term that can replace performance could be "execution" or "mission accomplishment" or other similar term without the association of For Profit orientation. The main challenge is to draft a guidance or a set of standards that are tailored for NPOs, it cannot be a mirror of what the current IFRSs are either full of IFRSs for SMEs. | AJ41: We confirm again a "Conceptual Framework for NPOs " is urgent to be developed as a starting point. | AK41: Disagree | AL41: IFRS Framework is fine as a starting point but its structure and theoretical foundations cannot be used to build the foundations for the NPO group of entities. | AM41: Disagree | AN41: Just to confirm a Conceptual Framework for NPOs cannot use current frameworks developed basically for the For-Profit world. | AO41: An individualized and custom tailored framework for NPOs can be developed so any future international accounting standard developed for NPOs will be a solid development based on the Conceptual Framework for NPO. | AP41: Agree | AQ41: I agree in the sense of "display their own different potential benefits and issues as a basis for the Guidance. | AR41: Refer to previous responses | AS41: Main challenge is that all wording in the IFRSs were developed for the For Profit world. IASB, and former IASC did not consider NPOs to develop this accounting standards. The concepts of capital and capital maintenance for example are two critical elements that cannot be critical for NPO entities, the definition of assets that include the element of "future economic benefits" is not applicable in many situations for NPO entities and these are just two examples that should set a different direction for the guidance. | AT41: Refer to the below proposal of a 'Conceptual Framework for Non-Profit Organizations" Conceptual Framework for Financial Reporting of Non-Profit entities Contents INTRODUCTION CHAPTER 1 – FOUNDATIONS OF THE NON-PROFIT ENTITIES Introduction Mission and nature of non-profit entities Measurement of mission for non-profit entities Resources, sources and uses CHAPTER 2 – OBJECTIVES OF NON-PROFIT FINANCIAL REPORTING Introduction Main goals on financial reporting for non-profit entities Users and characteristics of financial reporting for non-profit entities Limitations and requirements of financial reporting Cost and transparency for useful reporting of financial information CHAPTER 3 – CHARACTERISTICS OF REQUIRED FINANCIAL INFORMATION Introduction Qualitative characteristics of useful and reliable financial information Regulatory, legal and compliance requirements on financial information Association of entity’s mission and financial information CHAPTER 4 – FINANCIAL REPORTING STATEMENTS Introduction The role of financial statements and resources utilization reporting Going concern relevance for non-profit entities For profit activities under the reporting entity CHAPTER 5 – ELEMENTS OF FINANCIAL INFORMATION Introduction Definition of resources used by the entity Definition of obligation to transfer resources Definition of resources inflows related to mission operations Definition of resources outflows related to mission operations CHAPTER 6 – RECOGNITION, MEASUREMENT AND DISCLOSURE Introduction Recognition process and criteria Derecognition Measurement parameters and rationale to evaluate different bases Transparency and disclosure relationship Classification, aggregation, and categorization of line items APPENDICES Glossary | AU41: Agree | AV41: https://www.ifr4npo.org/cp-survey | AW41: pttbih51 | AX41: fcatacora@redcontable.com
A42: 208 | B42: HTMLPlayer | H42: ni2rzxwf | I42: Completed | R42: 44406.48 | S42: 44406.491 | T42: 0.042361111 | V42: Bezuayehu Mengesha | W42: Agree | Z42: Agree | AC42: Agree | AF42: Agree | AK42: Agree | AM42: Agree | AP42: Agree | AU42: Agree | AV42: https://www.ifr4npo.org/cp-survey | AW42: ni2rzxwf | AX42: bzymng@gmail.com
A43: 210 | B43: HTMLPlayer | H43: tseutmri | I43: Completed | R43: 44406.493 | S43: 44406.527 | T43: 0.042361111 | V43: CPA. Ronald Kaweesi | W43: Agree | Z43: Agree | AC43: Agree | AF43: Agree | AI43: Accrual based reporting is the only best option in my opinion | AK43: Agree | AM43: Agree | AP43: Agree | AS43: IFRS for SMEs was tailored for private in nature entities and yet NPO’s interest have elements of public interest because of a wide stakeholder interest we are looking at in this regard, so using full IFRS would be recommended in my opinion. | AT43: None | AU43: Agree | AV43: https://www.ifr4npo.org/cp-survey | AW43: tseutmri | AX43: kaweesiron@yahoo.com
A44: 212 | B44: HTMLPlayer | H44: ewm8tpc7 | I44: Completed | R44: 44406.554 | S44: 44406.573 | T44: 0.042361111 | V44: Pascal Ndahayo | W44: Agree | Z44: Agree | AC44: Agree | AF44: Agree | AI44: None | AJ44: The main challenge relate to what extent non financial information will be required | AK44: Agree | AM44: Agree | AU44: Agree | AV44: https://www.ifr4npo.org/cp-survey | AW44: ewm8tpc7 | AX44: ndahayopascal01@gmail.com
A45: 214 | B45: HTMLPlayer | H45: ym3bfqfr | I45: Completed | R45: 44406.624 | S45: 44406.637 | T45: 0.042361111 | V45: Musabe James Magson | W45: Agree | Z45: Agree | AC45: Agree | AF45: Agree | AI45: No challenge with accrual-based Guidance. In fact it provides a complete picture of the NPO financial position. | AJ45: None. Provided non-financial information is not so broad or massive to result in voluminous general purpose financial statements ( like those under IPSAS) thus discouraging potential users. While it’s good idea to have the non-financial data, the challenge is that non-financial information reporting may: >overshadow the financial aspects and yet the Guidance is for financial aspects. >increase work for auditors that will translate in increase audit costs to the NPO | AK45: Agree | AL45: I agree. However, efforts should be done to eliminate the disadvantages of the IFRS for SMEs, IPSAS and the IFRSs to enable a more cleaner, leaner but comprehensive IFRS4NPO | AM45: Agree | AP45: Agree | AS45: No main challenge. IFRS for SME is the best starting point and then bring in condensed pertinent guidance from IPSAS | AU45: Agree | AV45: https://www.ifr4npo.org/cp-survey | AW45: ym3bfqfr | AX45: jmusabe@jpmagson.com
A46: 215 | B46: HTMLPlayer | H46: 5gaibodw | I46: Completed | R46: 44406.71 | S46: 44407.446 | T46: 0.042361111 | V46: Mariama Kalidou SOW | W46: Agree | Z46: Agree | AC46: Agree | AF46: Agree | AI46: essential aspects of NPO Financial Reporting Guidance: - first, we need to have the duration of the project, and the report date and the reporting period. - The budget, the expenditures (actuals) as well as the remaining balance are important for decision making. The purcentage of expenditures is also relevant. the main challenges are to get the full financial information to accrue on time; to have in place an accounting software allowing to record commmitments. | AJ46: essential aspects of NPO Financial Reporting Guidance: - first, we need to have the duration of the project, and the report date and the reporting period. - The budget, the expenditures (actuals) as well as the remaining balance are important for decision making. The purcentage of expenditures is also relevant. the main challenges are to get the full financial information to accrue on time; to have in place an accounting software allowing to record commmitments. | AK46: Agree | AM46: Agree | AP46: Agree | AU46: Agree | AV46: https://www.ifr4npo.org/cp-survey | AW46: 5gaibodw | AX46: mksow@hotmail.com
A47: 216 | B47: HTMLPlayer | H47: i220e0xg | I47: Completed | R47: 44407.116 | S47: 44407.131 | T47: 0.042361111 | V47: Bev Bolton | W47: Agree | Z47: Agree | AC47: Agree | AF47: Agree | AJ47: . Consistency of measurement within and between organisations. . Accuracy and relevance of information provided . impact of the time and effort in collation and preparation of undefined information on the organisation resources | AK47: Agree | AM47: Agree | AO47: commonality/frequency of current use by NPOs | AP47: Agree | AS47: Disparity in size & resources of organisations impacting on ability to prepare standard reports | AT47: we find the AASB standards with specific paragraphs identified as applicable to not-for-profit organisations & reduced disclosure reporting to suit our purposes | AU47: Agree | AV47: https://www.ifr4npo.org/cp-survey | AW47: i220e0xg | AX47: bev.bolton@mifwa.org.au
A48: 219 | B48: HTMLPlayer | H48: nxe0opo0 | I48: Completed | R48: 44407.374 | S48: 44407.42 | T48: 0.042361111 | V48: Tina Carolyn Mkandawire | W48: Agree | Z48: Agree | AC48: Agree | AF48: Agree | AI48: The main challenge of using accrual basis accounting is that it obviously requires much more detailed bookkeeping. You have to use double-entry ledgers, and record all transactions in at least two places to ensure that the accounting equations balance. It can also skew the short-term financial view of your company. If you invoice $15,000 in a month, the accrual method will show that you earned all that money, even if you received zero. Your books would be showing more money than you have, which could affect paying bills or, worse, salaries. Accrual accounting is more complicated, which requires more time and resources that most small business owners don’t have to spare. It involves the tracking of cash flow, accounts receivables, and accounts payables. | AK48: Agree | AM48: Agree | AP48: Agree | AS48: 1. Cost of adoption 2. Need for training, 3. Complexity of IFRS, 4. Lack of adequate implementation guidance. 5. Increase volatility of earnings, 6. Tax driven nature of previous standards, 7. Problem with Fair value use of IFRS was the main challenges of IFRS adoption. The problem of differences in accounting standards will continue to exist for some time. From a regulatory perspective, convergence to IFRS would require amendments to the Companies Act and the Income Tax Act, to mention the major ones. Currently industries such as banking and insurance companies are also regulated by specific acts that prescribe accounting norms. IFRS does not provide industry specific standards so there would be additional transition challenges as and when progress is made. IFRS requires valuations and future forecasts, which will involve use of estimates, assumptions and management's judgments (Kumar, 2014). The principal impeding factors in the adoption process of IFRS in Europe, America and the rest of the world are not necessarily technical but cultural issues, mental models, legal impediments, educational needs and political influences(Obazee, 2007) as cited by (Ojiedu et.al,2013). According to Rong- Ruey Duh (2006), the implementation challenges include: timely interpretation of standards, continuous amendment to IFRS, accounting knowledge and expertise possessed by financial statement users, preparers, auditors and regulators, and managerial incentive (Ball, Robin & Wu 2000) as cited by (Ojiedu et.al, 2013). | AU48: Agree | AV48: https://www.ifr4npo.org/cp-survey | AW48: nxe0opo0 | AX48: tinamkandwire@gmail.com
A49: 220 | B49: HTMLPlayer | H49: qyfmrb0h | I49: Completed | R49: 44407.55 | S49: 44407.604 | T49: 0.042361111 | V49: EPUA Martin George | W49: Agree | Z49: Agree | AC49: Agree | AF49: Agree | AI49: The challenge will be in reporting Period as some donors provide funds for specific project and once achieve they need financial report. This meas NPO with may funders will prepare multiple report compliance with Accrual, But Accrual basis is recommended and can be applied uniformly compared to specific project requirements which are varied | AJ49: General Purpose financial statement GPFS is good I use it for appraising the strength of internal control of the NPO before qualifying for Grant . But it is not specifics to donor requirements of th projects. There must be guidance and advocacy to Donors to accept the general Purpose financial statement. I propose the general purpose statement to have a detail statement of the funding sources and what the fund has achieved. General Purpose statement will also avoid duplication and double reporting of achievements to different donors. Currently donors are susceptible to the risk as NPO may give selective report to donors and each donor is concern with their funding. Implementing GPSF will enhance efficiency in resource utilization since NPO will not be able to report on the same beneficiaries to two or more donors using the same source fund in one financial report | AK49: Agree | AM49: Agree | AP49: Agree | AS49: The frame work for SME was developed with the background of profit orientation.The frame work simplify reporting but with profit motive which is not the case with NPO | AT49: The NPO are generally and offspring of the Gaps in Public service delivery . The service are provided by NPO to community at a free cost majorly. Therefore it is good to adopt the frame work of IPSAS that look at service delivery. | AU49: Agree | AV49: https://www.ifr4npo.org/cp-survey | AW49: qyfmrb0h | AX49: mgepua@gmail.com
A50: 224 | B50: HTMLPlayer | H50: c6i1fphj | I50: Completed | R50: 44407.694 | S50: 44407.708 | T50: 0.042361111 | V50: Dorothea Malloy on behalf of USAID CFO Reggie Mitchell | W50: Agree | X50: Agree with the broad characteristics approach to describing NPOs. One suggestion is to preface the characteristics list shown in chapter 1 section 1.14 with the added text: “They are organizations that meet any one of the following characteristics”. That is, to make clear an organization does not have to meet either all or a majority of the broad characteristics. In addition, it may be helpful to continue in section 1.12 with text stating the types of NPOs that may benefit more from the Guidance to complement the example already provided where the NPO possess only one characteristic. This continuation would highlight key NPO characteristics and complement the example. Text stating: “NPOs such as those with strong alignment to the characteristics of delivering services for public benefit and directing any profits/surpluses for public benefit would find more aspects of the Guidance relevant”. | Z50: Agree | AB50: Agree, ‘resource providers’ include government aid agencies as provided in chapter 2 section 2.9. Also, NPOs are accountable to ‘oversight bodies of government aid agencies’ Should this point be captured in resource providers? Or is it already captured within the groups mentioned in ‘External Stakeholders’ such as regulators? It is not clear as section 2.11 on ‘regulators’ may be understood as the ‘jurisdiction government’ of the NPO. An example, USAID Office of Inspector General may investigate possible fraud of USAID programs/funds carried out by an NPO. In addition to USAID, the NPO is accountable to the USAID/OIG due to the law enforcement authorities held by the OIG. Also, the U.S. Dept. of Justice make take over the case from the OIG. This type of NPO ‘accountability’ does not appear to fall under ‘regulators’ as USAID/OIG and U.S. Dept. of Justice are outside the country jurisdiction of a non-U.S. NPO. Maybe added text in either section 2.9 or 2.11 to clarify this point on possible international applicability of ‘oversight bodies’ and how the NPO may be accountable would be helpful. The NPO may have a ‘direct’ accountability to these ‘oversight bodies’ as described above and an ‘indirect’ accountability especially with the funding institutions of government aid agencies; in the case of USAID, it would be the U.S. Congress. | AC50: Agree | AF50: Agree | AH50: Agree with issues identified. Regarding ‘other issues, particularly financial accountability to donors’; a need for donors is for the NPO’s general purpose financial statements to include and show resources from all donors for complete understanding of the NPO resources available as this would increase transparency and accountability and prevent perception of potential double billing. This information will enable donors to make greater use of financial statements/reports NPOs are producing as stated in section 2.30, Chpt 2. A suggested approach to achieve this point is promote through this Guidance the development of ‘schedules’ showing ‘grant income and expenditures’ by activities with all donors included on the schedule(s) to support the line items on the NPO statement of income. This ‘schedule’ could follow the naming convention used in chapter 3 section 3.23, (i.e., Special Purpose Financial Reports (SPFR)) (i.e., ‘SPRF on Activities Funded by Donors) and supplement the general-purpose financial statements. | AI50: Main challenges for smaller NPOs are lack of skills for accrual accounting, funding for purchasing financial systems for accrual based financial reports, and sustainability of skills and systems. Donors could work to develop this area. Another obstacle is would the country regulators of the NPO allowing accrual-based accounting and reporting. | AJ50: A challenge is that non-financial information is disconnected from the financial information. The non-financial information may not provide an understanding of the resources used/available to meet the NPO’s objectives. Management may ‘take-over’ the non-financial information as a public relations opportunity without providing appropriate attention to incorporate financial information. For non-financial reporting, this Guidance should promote an easily reading summary of key financial information for the reporting period embedded with the NPO’s achievements and performance. | AK50: Agree | AL50: Agree that international frameworks are the best starting point. And agree that jurisdictional-level reporting frameworks can provide important supplementary sources for the Guidance as stated in 4.10 | AM50: Agree | AO50: Agree with the criteria as provided in Figure 4.2 | AP50: Agree | AS50: No alternative suggestion as the proposed model shown in Figure 5.1 is reasonable and realistic. All may agree that ‘education’ is a main challenge with the proposed model especially regarding key NPO-specific issues that the Guidance addresses by relying on jurisdictional level standards. | AU50: Agree | AV50: https://www.ifr4npo.org/cp-survey | AW50: c6i1fphj | AX50: remitchell@usaid.gov dmalloy@usaid.gov apatkovic@usaid.gov kjurjevic@usaid.gov
A51: 226 | B51: HTMLPlayer | H51: nl5st6ne | I51: Completed | R51: 44407.779 | S51: 44407.787 | T51: 0.042361111 | V51: Kim Schwartz | W51: Agree | Z51: Agree | AC51: Agree | AF51: Agree | AI51: Very small ngos may not be comfortable in accrual accounting. Donors think only cash expenditures are valid. They don’t understand accounting | AK51: Agree | AM51: Agree | AP51: Agree | AS51: Extra work for those orgs that must file under us gaap. | AU51: Agree | AV51: https://www.ifr4npo.org/cp-survey | AW51: nl5st6ne | AX51: Kschwartz@psi.org
A52: 229 | B52: HTMLPlayer | H52: z8jaev0v | I52: Completed | R52: 44407.933 | S52: 44407.976 | T52: 0.042361111 | V52: Annie Akosua Akpene Agba | W52: Agree | Z52: Agree | AC52: Agree | AF52: Agree | AI52: Cash-based accounting mostly are subject to misappropriation of cash; where cash is predominantly used without adequate controls in place, accounting malpractices becomes the order of the day. | AJ52: Non-Financial Information mostly must be measured with Key Performance Indicators (KPIs). This area of measurement may pose a challenge because of diversity and the nature of projects embarked on which may have little or no similarities to be compared and measured with. | AK52: Agree | AM52: Agree | AP52: Agree | AS52: There is a tenacity that NPOs with big or bigger portfolios may be limited to Box-Ticking exercise when taking into cognizance the nature and the volume of work involved. Some donor agencies may opt for their own method of presentation depending on what they want to achieve. Some jurisdiction would like to put measures in place in terms of conflict of interest. where there is a conflict of interest, jurisdictional laws supersedes that of the standards. | AT52: National models can be set across board to ensure that conformity and uniformity is achieved across board at the end of each reporting period. | AU52: Agree | AV52: https://www.ifr4npo.org/cp-survey | AW52: z8jaev0v | AX52: annie.agba@pkfghana.com
A53: 230 | B53: HTMLPlayer | H53: w02wu0z6 | I53: Completed | R53: 44408.041 | S53: 44408.049 | T53: 0.042361111 | V53: Willian Almeida | W53: Agree | Z53: Agree | AC53: Agree | AF53: Agree | AI53: for the governement, auditors, it works well, but for Foundations or grantmaking reporting, we do'nt need to look at accounting, we focus in cashflow | AJ53: In general it should work, but is not usual to connect the narrative with the financial - the connection happens when the person analyzing the information is prepared to connect the details, it is the best part of the grantmaking process -engage with the partners | AK53: Agree | AM53: Agree | AP53: Agree | AU53: Agree | AV53: https://www.ifr4npo.org/cp-survey | AW53: w02wu0z6 | AX53: w.almeida@laudesfoundation.org
A54: 231 | B54: HTMLPlayer | H54: 13gn0uu0 | I54: Completed | R54: 44408.296 | S54: 44408.306 | T54: 0.042361111 | V54: Hasan | W54: Agree | Z54: Agree | AC54: Agree | AF54: Agree | AI54: Agree | AK54: Agree | AM54: Agree | AP54: Agree | AU54: Agree | AV54: https://www.ifr4npo.org/cp-survey | AW54: 13gn0uu0 | AX54: hasan.haseri@gmail.com
A55: 233 | B55: HTMLPlayer | H55: xososbfq | I55: Completed | R55: 44410.442 | S55: 44410.535 | T55: 0.042361111 | V55: Edmond Shoko-Lekhuleni | W55: Agree | X55: N/a | Z55: Agree | AA55: N/a | AB55: None | AC55: Agree | AD55: N/a | AE55: none | AF55: Agree | AG55: None | AH55: N/a | AI55: too much guidance and requirements | AJ55: Standardization and measurement of qualitative statements | AK55: Agree | AL55: N/a | AM55: Agree | AN55: n/a | AO55: none | AP55: Agree | AQ55: n/a | AR55: n/a | AS55: Uptake and adoption rate | AT55: None | AU55: Agree | AV55: https://www.ifr4npo.org/cp-survey | AW55: xososbfq | AX55: edmondshoko@icloud.com
A56: 238 | B56: HTMLPlayer | H56: stevenbaal@gmail.com | I56: Completed | R56: 44419.681 | S56: 44419.714 | T56: 0.042361111 | V56: Steven Baal | W56: Agree | Z56: Agree | AC56: Agree | AE56: Stakeholders should also be looking at the outcomes or impact the organization is making with the resources provided. | AF56: Agree | AI56: One of the main challenges is timing differences, especially with funding for capital assets. | AJ56: We want to ensure non-financial information reporting is relevant to the general stakeholder or user of the statements. Yet, we also are striving for consistency across NPO's. These two fundamental principles can be challenging to meet at times. What is relevant for one organization may not be relevant for another organization. NPOs have varying sizes, funding sources, and complexity. | AK56: Agree | AL56: As you are already doing, including jurisdiction-level frameworks will help to enhance the final outcomes and allow for greater adoption by each of the jurisdictions. | AM56: Agree | AP56: Agree | AS56: There are many gaps with IFRS for SMEs with respect to NPO-specific reporting issues. | AU56: Agree | AV56: https://www.ifr4npo.org/cp-survey | AW56: stevenbaal@gmail.com | AX56: stevenbaal@gmail.com
A57: 241 | B57: HTMLPlayer | H57: 8801 | I57: Completed | R57: 44424.382 | S57: 44424.439 | T57: 0.042361111 | V57: Igor Sukharev | W57: Disagree | X57: In general, we agree with the broad characteristics of NPOs proposed in the CP. | Y57: When determining these characteristics, it is necessary to take into account the goal to develop internationally applicable financial reporting guidance for non-profit organisations. In our opinion, the Guidance should not cover all financial reporting issues from beginning to end. There are IFRS for this purpose. The Guidance should only establish special accounting rules, features that are specific exclusively for non-profit organizations when the rules of IFRS do not work. Therefore, it is necessary to focus on those characteristics of organizations that determine specific approaches to financial reporting, when the application of IFRS is inappropriate. In this regard, we have to speak about the characteristics of non-profit activities rather than the characteristics of non-profit organizations as legal entities. An ordinary for-profit entity can carry out non-profit projects for which the application of IFRS would be inappropriate. Such an entity needs special accounting guidance for these activities in the same way as if it were a non-profit organization. When preparing the draft of the Russian federal accounting standard “Non-profit activities”, after heated discussions, we got the following list of characteristics of non-commercial activities for accounting purposes: a) pursues charitable, cultural, educational, social and other socially useful goals; b) is not aimed directly or indirectly at generating profit, including advertising or promoting the goods and services of the entity and (or) obtaining advantages by the employees of the entity; c) is not aimed directly or indirectly at obtaining economic benefits by the stakeholders of the entity; d) is fully or partially financed on a gratuitous basis by those who do not act as holders of equity instruments of the entity; e) is not associated with government assistance. | Z57: Disagree | AA57: We agree that NPOs are accountable to the groups identified in the CP, but we believe that the word "accountable" is considered too broadly in the CP, inconsistent with the goals of the Guidance. It is advisable to consider accountability solely from the point of view of financial reporting. Only under this condition, it is possible to adequately identify the issues that need to be solved when forming the Guidance. Otherwise, the scope of the Guidance will be so wide that it will not be able to serve the interests of any of the groups, instead of serving the interests of all groups. And even more so, it is impossible to build a high-quality financial reporting guidance, considering society as a whole as a target audience. In this regard, we suggest focusing on only one type of users of the financial reporting of NPOs. These are the resource providers in the broad sense of this term. A resource provider is someone who provides assistance to a non-profit entity in any form, whether it is a direct provision of money or non-monetary assets, or volunteer work, or free services, or any indirect benefits. In this sense, service users or regulators can also be considered as target users of financial reporting of NPOs, but only to the extent that they help NPO, that is, they act as direct or indirect resource providers. But service users or regulators as such should not be considered as target users of financial reporting of NPOs for the purposes of effectively forming the Guidance. For example, a regulator is considered as a target user of financial reporting of NPO, if on its basis it makes decisions on granting or not granting tax benefits to a non-profit entity. But the regulator should not be considered as the target user of the reporting on the sole reason that it needs financial indicators to calculate taxes. Similarly, a user of the services of a non-profit entity as such is not considered to be a user of its financial reporting unless he or she contributes in any way to the activities of that entity. In other words, it is better to identify the target users of financial reporting of NPOs based on the nature of their decisions. For the purposes of the Guidance, the reporting user is the one who makes decisions on whether or not to provide assistance to a non-profit entity and on the form and extent of such assistance. | AB57: It is better to identify the target users of financial reporting of NPOs based on the nature of their decisions. For the purposes of the Guidance, the reporting user is the one who makes decisions on whether or not to provide assistance to a non-profit entity and on the form and extent of such assistance. | AC57: Agree | AD57: Of course all these terms need to be clarified. | AF57: Disagree | AG57: We agree that the diversity of regulatory and donor requirements is a big problem. However, we disagree with the inclusion of this problem in the agenda of the Guidance. Of course, the existing diverse practice can serve as a source of information about what kind of financial data users of NPOs need. This information can and should be used when building the Guidance. The practice embodied in the financial reporting standards is even more useful for building the Guidance, since you can take ready-made clichés from these standards. However, this is nothing more than just information that needs to be filtered very carefully. The filter is the answer 2a. By no means should the Guidance set itself the task of linking all these various requirements with each other. When, in the presence of official reports prepared according to the requirements of the authorities, donors impose their own financial reporting requirements, that indicates that the reports required by the authorities are not financial reporting in the sense of the purposes specified in answer 2a. Whatever the official name for these reports may be invented, in essence they are not financial reporting, but tax reports or something else, according to the purposes for which the authorities require them to be submitted. Meeting the information requirements of donors in this situation is not an additional reporting burden for NPOs, because it is not about a different method or format of presenting information, but about a different type of information. It is a very dangerous misconception to think that the preparation of unified single reporting for completely different purposes (for example, for tax authorities and for resource providers) helps to reduce preparation costs. On the contrary! The entire experience of the development of financial accounting and tax accounting in the for-profit sector shows that attempts to create a combined hybrid lead to many times more costs than two accounting for each purpose separately. There is hardly any reason to believe that things are different in the non-profit sector in this matter. | AI57: The only challenge with the accrual-based Guidance is the term “accrual-based” itself. As well as the only problem with accrual- or cash-based accounting is the terms “accrual- and cash-based” themselves. There are no other challenges and problems in this matter. As soon as we stop using these terms, the problem will disappear by itself, all questions will be removed by themselves, and paragraphs 3.4 – 3.15 of the CP will become unnecessary. The three different accounting bases described in paragraphs 3.4 – 3.15 of the CP do not actually exist. These paragraphs describes actually only one basis. As stated in paragraph 3.4 “Economic events and transactions are recognised when the event occurs”. This is not a description of any one accounting method. This is a description of accounting in general. All economic events and transactions are always recognised in accounting when they occurred. When else could they be recognised? If a non-profit entity has received cash, it recognises this cash when it has received it. This is not a cash-based accounting or any other special type of accounting. This is a normal accounting. If a non-profit entity has received a computer, a car, an equipment or some other non-monetary asset, it recognises this asset when it has received it. This is not accrual-based accounting or any other special type of accounting. This is again a normal accounting. If a non-profit entity has taken a loan from a bank, it recognises the liability when it has the obligation and derecognises the liability when it repays this obligation. How else? In this case, the recognition and derecognition of the liability is directly linked to the cash flows. From what is described in paragraphs 3.4 – 3.15, it turns out that the entity keeps cash-based accounting for the debit-side, and accrual-based accounting for the credit-side? So what is it? Paragraph 3.4 in the description of the cash-based accounting states: «Assets and liabilities are not recognised». What does this mean? – that NPOs don't have any balance sheet at all? If this meant accounting without a balance, then it should be said so. But such accounting should not be called “cash-based” accounting, but just bookkeeping for cash and only cash and nothing but cash without using such unnecessary attributes as debit and credit. If we mean the need to account not only for money, but also for something else, for example, for a car owned by a non-profit entity, if we mean that there is at least some semblance of a balance sheet in accounting, then assets and liabilities should be recognised when the criteria for their recognition are met, and derecognised when the recognition criteria are no longer met. We could discuss these criteria, simplify the criteria for certain types of reporting entities. But the subject of such discussions is the particular issues of accounting for certain types of assets and liabilities, and not the issues of choosing some accounting basis. Anyway, there are hardly any grounds to account for the car in different ways, depending on whether I paid for it with the money received from a donor or received the car directly from the donor or purchased it from a supplier in instalments and will gradually repay the obligation. In all three cases, the recognition and further accounting of the asset is the same, despite the fact that the cash flows associated with this asset are different or there are none at all. In which of the three cases are we dealing with the “cash-based”, “accrual-based” or “modified cash” accounting? In all three cases, we are dealing with normal ordinary accounting, in which events are recognised when they occurred. The correct name for accounting, in which events are recognised not when they occurred, is “fake accounting”. There are further explanations that cannot be stated here due to the established restrictions on the text. | AJ57: The main challenge here is the need for a clear separation of information inside the financial reporting from information outside the financial reporting. Now there is a very alarming tendency to put all the information about a non-profit entity in one pile. All this information is probably very useful. But when it is presented all in one booklet consisting of 200 pages, it is impossible to perceive it, even if this booklet is provided with a detailed table of contents. The user of information is not a gawker at a fair who, with his mouth open, listens to everything interesting that is told to him. The Guidance should rely on a user who understands what sort of information he needs at a particular moment. The purpose of the CP is “the development of internationally applicable financial reporting Guidance for non-profit organisations”. Thus the subject of the Guidance is financial reporting. We need to identify this subject very accurately. Financial reporting includes not only quantitative indicators, but also narrative descriptions. Nevertheless, financial reporting – is primarily a system of indicators measured in monetary units, and, moreover, a system of indicators that are quite simply formalised. There are two types of indicators in financial reporting. The first ones are measured at a certain point in time. They can be called static. As already mentioned above they are marked in the XBRL with the "instant" tag. The second ones are measured over a certain period of time. They can be called dynamic. In the XBRL they are marked with the "duration" tag. Looking at the static indicators, reporting user gets an idea of entity’s financial position. Looking at the dynamic indicators, reporting user gets an idea of changes in entity’s financial position. At this level, there is no difference between financial reporting in the for-profit and non-profit sectors. The difference appears at more detailed levels. For example, considering different types of changes in the financial position of for-profit entities, the main attention is focused on profits and losses. If we talk about the non-profit sector, then profits and losses are far from the most interesting changes in the entity’s financial position. Other types of changes are no less (maybe even more) interesting. Hence is the idea of a combined representation of all types of changes in financial position, described in answer 3.a. Any narrative information in the financial reporting is valuable only when it is directly or indirectly related to some static or dynamic indicators. If there is no such relation, the information should not be included in the financial reporting. It will be much more useful outside of the financial reporting. No matter how highly useful such information would be in terms of content, the result of including it in the financial reporting will be the obscuring the relevant information and hindering its understanding. Thus, the financial reporting consists of: 1) static (instant) indicators measured at a point in time that characterise entity’s financial position: money, assets, equity, liabilities; 2) dynamic (duration) indicators measured over a period of time that characterise changes in entity’s financial position: changes in money, in assets, in equity, in liabilities; 3) narratives related to the above indicators. That is all. There should be nothing else in the financial reporting. This is a strict perimeter that allows you to understand what accounting standards were applied to (in the case of NPOs, the Guidance), and what they were not applied to, what was checked by the auditor and what was not checked, where the user can see monetary indicators on the use of donations, and where – information about plans for humanitarian programs in Africa. | AK57: Agree | AL57: We agree that the Guidance needs to be based primarily on an international rather than jurisdictional-level framework. Meanwhile, using the international frameworks, we consider it urgently necessary to limit its use exclusively to accounting policy issues - recognition, measurement, classification. But we consider it extremely unacceptable to use the existing framework (both international and jurisdictional) in matters of the form and content of financial reporting (for more details, see answer 4.b). | AM57: Agree | AN57: We agree with the proposed criteria. At the same time, two more important criteria are missing here (see below). | AO57: We consider the following two criteria to be more important than the criteria in the CP: 1) To what extent is the framework adapted to the presentation and use of reporting information through electronic means? 2) What provisions of the framework impede the usability of reporting so that they cannot be imported into the Guidance for the non-profit sector? The idea of accounting standards, guidance or any other regulatory documents is not bad in itself. But we must always remember that such documents can not only help, but also harm. This is exactly what happened to IFRS when it comes to requirements for reporting formats. Along with all the good things that IFRS brought to the field of financial reporting regarding accounting policy issues - recognition, valuation, classification, they did one very bad thing. These standards have linked financial statements to paper formats and made it virtually impossible to develop electronic reporting. We are very much afraid that the same thing may happen with financial reporting of NPOs. What do we mean by that? Most common format of financial reporting is PDF or similar formats that mimic paper documents. In XBRL IFRS Taxonomy instead of a data-based taxonomy, we have to deal with standard-based or statement-based taxonomies, neither of which can serve for anything more than simulating paper documents on a computer screen. Today's financial reporting user is not able to access any of the vast armoury of information visualisation tools that the digital era has created. The IFRS seriously tackles such issues as aggregation and disaggregation. For what, if not for paper reporting? For what purpose does the standard require financial reporting to be divided into separate statements and notes, if not for paper reporting? There are no such issues with regard to electronic reporting. The most primitive electronic tools, such as unfolding windows and hyperlinks, alone allow you to close such issues completely, remove them from the agenda and forget them forever, not to mention the more modern means of reproducing information. Do we really need the same paper-guidance for the financial reporting of NPOs? Compare with geographic information for example. Thirty years ago, the makers of geographic maps tackled questions such as how many pages of an atlas to devote to maps of a country, maps of regions, maps of cities, what scale of each map would be most convenient for users, where place data on geographic objects – in the corners of map pages or make a separate section with statistical information and indices at the end of the atlas, and the like. Who deals with such issues today? Only the one who is going to print maps on paper. The makers of electronic maps have completely forgotten about such problems. Imagine what would happen if, in the last quarter of the 20th century, some sort of “International Geographic Map Standards” were developed, which would contain requirements for the aggregation and disaggregation of geographic information, its distribution among primary geographic maps and notes? It is unlikely that in such conditions the modern navigation systems to which we are accustomed today would appear. This is exactly the kind of misfortune that happened to financial reporting. Today, no one even tries to create some kind of navigation system for the entity's financial position and changes in it. Because any way of presenting information other than in paper-based forms will be considered non-compliance with the IFRS. We would very much like the same misfortune not to happen to the financial reporting of NPOs. | AP57: Disagree | AQ57: We consider the approach to the assessment itself to be incorrect, which is why it is impossible to say whether we agree or disagree with the assessment. The incorrectness, in our opinion, lies primarily in the understanding of the phrase "key NPO-specific reporting issues". What does it mean? If the issue is specific to NPOs, it means that it has not been resolved in IFRS or in IPSAS, because these standards are not for NPOs. Here, a priori, can be no rating other than "red" (in the terminology of Figure 4.3 of the CP): “The framework does not provide guidance relevant to the issue”. If IFRS or IPSAS provide an answer to a specific question, then it is not specific to NPOs. We are considering it in vain. Let's take an example from Figure 4.3: “Accounting for non-financial assets”. Why is this question designated as specific to NPOs? What is its non-profit specificity? Why should a non-profit entity account for computers, cars, buildings or equipment in any other way than a for-profit entity does? In accounting for non-financial assets, there are few particular NPO-specific reporting issues. Very small (not “key”) issues. Among them, only one issue is so big that it could be called "key" - impairment. Of course, a non-profit entity could not directly apply the provisions of IFRS on impairment. “Red” rating. But this rating is for the issue “Accounting for impairment of non-financial assets”, not for the issue “Accounting for non-financial assets”. What about other issues, such as recognition, cost calculation, depreciation, derecognition? No NPO-specific. “Green” rating! The same is the case with other rows in Figure 4.3. These are all not NPO-specific reporting issues. It is pointless to assess them. The specifics can only be seen at a lower level. But at that level, it is also pointless to assess them from the point of view of the usefulness of the international framework. Because if the question is specific, it means that it is not covered by the framework. And if it is covered, then it is not specific. There is only one line in Figure 4.3 for which we can make the assessment with all certainty: “Form and content of financial reports”. “Red” rating for all three columns. The international framework does not provide any relevant guidance. It provides only obstacles for the user-friendly presentation of reporting information (more on this was explained above in answer 4.b). | AR57: It is enough just to clearly identify the NPO-specific reporting issues. | AS57: The main challenge with the proposed Guidance model is described above in answer 4.b. The provisions of the IFRS for SMEs, as well as full IFRS and IPSAS, are adapted exclusively for paper formats. The application of these provisions will not allow the use of modern visualization tools and the presentation of reporting information in a user-friendly form, similar to how geographical information is presented in electronic maps. Meanwhile, this challenge is not difficult to resist. We just need to put a filter – to exclude the use by NPOs of those provisions of these standards that relate to the layout of reporting information. The provisions concerning recognition, evaluation and classification are quite applicable and do not interfere with the development of electronic reporting. As for using the IFRS for SMEs Standard as the Foundational framework and full IFRS Standards as additional guidance, we do not think that this is a good idea. This approach contradicts the criterion formalised in Figure 4.2: “Will preparers, auditors and users be familiar with and easily able to use the framework?” The number of specialists and non-specialists familiar with full IFRS is tens and hundreds of times higher than the number of people familiar with the IFRS for SMEs. The IFRS for SMEs has received a very controversial assessment in the world. It is a very specific standard that has not been widely adopted. For example, in Russia, after studying it, the authorities refused to introduce it into legislation, despite the fact that they introduced all other IFRS standards into legislation. | AT57: Among non-profit organizations, there are also very large and very small ones. In our opinion, it is inappropriate to consider the IFRS for SMEs as a separate source of the international framework, but to consider it along with other IFRSs. The issue of using the provisions of full IFRS or the IFRS for SMEs by non-profit organizations should be solved in the same way as it is solved by for-profit organizations. We do not consider this issue specific to NPOs. | AU57: Agree | AV57: https://www.ifr4npo.org/cp-survey | AW57: 8801 | AX57: igor.sukharev@bmcenter.ru

Sheet List
C1: IFR4NPO Responses Consultation Paper Part 1 - Individuals
C2: To view a particular response, go to the orange response tab and type in a record number from this list.
B3: Name | C3: Name | D3: Country | E3: =CIPFA_IFR4NPO_CONSULTATIONPART1!W1 -> GMC1a_Agreement | F3: =CIPFA_IFR4NPO_CONSULTATIONPART1!X1 -> GMC1a_IfNotWhyNot | G3: =CIPFA_IFR4NPO_CONSULTATIONPART1!Y1 -> GMC1a_SupportingInfo | H3: =CIPFA_IFR4NPO_CONSULTATIONPART1!Z1 -> GMC2a_Agreement | I3: =CIPFA_IFR4NPO_CONSULTATIONPART1!AA1 -> GMC2a_IfNotWhyNot | J3: =CIPFA_IFR4NPO_CONSULTATIONPART1!AB1 -> GMC2a_SupportingInfo | K3: =CIPFA_IFR4NPO_CONSULTATIONPART1!AC1 -> GMC2b_Agreement | L3: =CIPFA_IFR4NPO_CONSULTATIONPART1!AD1 -> GMC2b_IfNotWhyNot | ... AB3: =CIPFA_IFR4NPO_CONSULTATIONPART1!AT1 -> GMC5a_AlternativeModelFoundationFramework
A4: 1 | B4: =CIPFA_IFR4NPO_CONSULTATIONPART1!V2 -> Robert Stephens | C4: =B4 -> Robert Stephens | D4: Jamaica | E4: =CIPFA_IFR4NPO_CONSULTATIONPART1!W2 -> Agree | F4: =CIPFA_IFR4NPO_CONSULTATIONPART1!X2 -> 0 | G4: =CIPFA_IFR4NPO_CONSULTATIONPART1!Y2 -> 0 | H4: =CIPFA_IFR4NPO_CONSULTATIONPART1!Z2 -> Agree | I4: =CIPFA_IFR4NPO_CONSULTATIONPART1!AA2 -> 0 | J4: =CIPFA_IFR4NPO_CONSULTATIONPART1!AB2 -> Resource Providers include Members of the Board of Directors of the NPO who are usually volunteers who give their time and inputs for free and do not expect or request compensation for their services. | K4: =CIPFA_IFR4NPO_CONSULTATIONPART1!AC2 -> Agree | L4: =CIPFA_IFR4NPO_CONSULTATIONPART1!AD2 -> 0 | ... AB4: =CIPFA_IFR4NPO_CONSULTATIONPART1!AT2 -> 0
A5: 2 | B5: =CIPFA_IFR4NPO_CONSULTATIONPART1!V3 -> Namatai Moyo | C5: =B5 -> Namatai Moyo | D5: Zimbabwe | E5: =CIPFA_IFR4NPO_CONSULTATIONPART1!W3 -> Agree | F5: =CIPFA_IFR4NPO_CONSULTATIONPART1!X3 -> I do agree with the broad characteristics proposed in Chapter 1 for describing NPOs. However, within the services provided by NPOs, as prescribed under section 1.4, there is a need to also include economic empowerment as well. As this is a very criticial service that NPOs also provide. | G5: =CIPFA_IFR4NPO_CONSULTATIONPART1!Y3 -> 0 | H5: =CIPFA_IFR4NPO_CONSULTATIONPART1!Z3 -> Agree | I5: =CIPFA_IFR4NPO_CONSULTATIONPART1!AA3 -> 0 | J5: =CIPFA_IFR4NPO_CONSULTATIONPART1!AB3 -> 0 | K5: =CIPFA_IFR4NPO_CONSULTATIONPART1!AC3 -> Agree | L5: =CIPFA_IFR4NPO_CONSULTATIONPART1!AD3 -> This is very much important and has being left out many times in lots of audits I have seen. I totally agree. | ... AB5: =CIPFA_IFR4NPO_CONSULTATIONPART1!AT3 -> None at the moment.
A6: 3 | B6: =CIPFA_IFR4NPO_CONSULTATIONPART1!V4 -> Wessel Pretorius | C6: =B6 -> Wessel Pretorius | D6: South Africa | E6: =CIPFA_IFR4NPO_CONSULTATIONPART1!W4 -> Agree | F6: =CIPFA_IFR4NPO_CONSULTATIONPART1!X4 -> 0 | G6: =CIPFA_IFR4NPO_CONSULTATIONPART1!Y4 -> some NPOs has membership contributions as a revenue stream that could be added to the characteristics | H6: =CIPFA_IFR4NPO_CONSULTATIONPART1!Z4 -> Agree | I6: =CIPFA_IFR4NPO_CONSULTATIONPART1!AA4 -> 0 | J6: =CIPFA_IFR4NPO_CONSULTATIONPART1!AB4 -> beneficiaries of services could also be considered as important stakeholders | K6: =CIPFA_IFR4NPO_CONSULTATIONPART1!AC4 -> Agree | L6: =CIPFA_IFR4NPO_CONSULTATIONPART1!AD4 -> 0 | ... AB6: =CIPFA_IFR4NPO_CONSULTATIONPART1!AT4 -> 0
A7: 4 | B7: =CIPFA_IFR4NPO_CONSULTATIONPART1!V5 -> Nwachukwu Chukwuebuka Oguchi | C7: =B7 -> Nwachukwu Chukwuebuka Oguchi | D7: Nigeria | E7: =CIPFA_IFR4NPO_CONSULTATIONPART1!W5 -> Agree | F7: =CIPFA_IFR4NPO_CONSULTATIONPART1!X5 -> 0 | G7: =CIPFA_IFR4NPO_CONSULTATIONPART1!Y5 -> 0 | H7: =CIPFA_IFR4NPO_CONSULTATIONPART1!Z5 -> Agree | I7: =CIPFA_IFR4NPO_CONSULTATIONPART1!AA5 -> 0 | J7: =CIPFA_IFR4NPO_CONSULTATIONPART1!AB5 -> 0 | K7: =CIPFA_IFR4NPO_CONSULTATIONPART1!AC5 -> Agree | L7: =CIPFA_IFR4NPO_CONSULTATIONPART1!AD5 -> 0 | ... AB7: =CIPFA_IFR4NPO_CONSULTATIONPART1!AT5 -> The Nonproft accounting standards developed by FASB in USA may be a better foundational framework. This, if nothing else,is because it already has solved many of the issues we want resolved by an international NPO GAAP.
A8: 5 | B8: =CIPFA_IFR4NPO_CONSULTATIONPART1!V6 -> Caroline Kariuki | C8: =B8 -> Caroline Kariuki | D8: Kenya | E8: =CIPFA_IFR4NPO_CONSULTATIONPART1!W6 -> Agree | F8: =CIPFA_IFR4NPO_CONSULTATIONPART1!X6 -> 0 | G8: =CIPFA_IFR4NPO_CONSULTATIONPART1!Y6 -> 0 | H8: =CIPFA_IFR4NPO_CONSULTATIONPART1!Z6 -> Agree | I8: =CIPFA_IFR4NPO_CONSULTATIONPART1!AA6 -> 0 | J8: =CIPFA_IFR4NPO_CONSULTATIONPART1!AB6 -> 0 | K8: =CIPFA_IFR4NPO_CONSULTATIONPART1!AC6 -> Agree | L8: =CIPFA_IFR4NPO_CONSULTATIONPART1!AD6 -> 0 | ... AB8: =CIPFA_IFR4NPO_CONSULTATIONPART1!AT6 -> 0
A9: 6 | B9: =CIPFA_IFR4NPO_CONSULTATIONPART1!V8 -> Francis Mba | C9: =B9 -> Francis Mba | D9: Nigeria | E9: =CIPFA_IFR4NPO_CONSULTATIONPART1!W8 -> Agree | F9: =CIPFA_IFR4NPO_CONSULTATIONPART1!X8 -> I wish the non profit sharing characteristic could emphasized more by making it the first. From my experience it is the most consistent and easy to identify characteristic. | G9: =CIPFA_IFR4NPO_CONSULTATIONPART1!Y8 -> A large volunteer work force. | H9: =CIPFA_IFR4NPO_CONSULTATIONPART1!Z8 -> Agree | I9: =CIPFA_IFR4NPO_CONSULTATIONPART1!AA8 -> 0 | J9: =CIPFA_IFR4NPO_CONSULTATIONPART1!AB8 -> Staff. NPO should also be accountable to the staff. When staff are not convinced about the accountability of an NPO some of them may undermine the mission of the NPO | K9: =CIPFA_IFR4NPO_CONSULTATIONPART1!AC8 -> Agree | L9: =CIPFA_IFR4NPO_CONSULTATIONPART1!AD8 -> Without accountability to external stakeholders some NPO may exploit the society at large. | ... AB9: =CIPFA_IFR4NPO_CONSULTATIONPART1!AT8 -> 0
A10: 7 | B10: =CIPFA_IFR4NPO_CONSULTATIONPART1!V9 -> Hillary Luboyera | C10: =B10 -> Hillary Luboyera | D10: Uganda | E10: =CIPFA_IFR4NPO_CONSULTATIONPART1!W9 -> Agree | F10: =CIPFA_IFR4NPO_CONSULTATIONPART1!X9 -> 0 | G10: =CIPFA_IFR4NPO_CONSULTATIONPART1!Y9 -> 0 | H10: =CIPFA_IFR4NPO_CONSULTATIONPART1!Z9 -> Agree | I10: =CIPFA_IFR4NPO_CONSULTATIONPART1!AA9 -> 0 | J10: =CIPFA_IFR4NPO_CONSULTATIONPART1!AB9 -> 0 | K10: =CIPFA_IFR4NPO_CONSULTATIONPART1!AC9 -> Agree | L10: =CIPFA_IFR4NPO_CONSULTATIONPART1!AD9 -> 0 | ... AB10: =CIPFA_IFR4NPO_CONSULTATIONPART1!AT9 -> 0
A11: 8 | B11: =CIPFA_IFR4NPO_CONSULTATIONPART1!V10 -> Alper ASLAN | C11: Alper Aslan | D11: Turkey | E11: =CIPFA_IFR4NPO_CONSULTATIONPART1!W10 -> Agree | F11: =CIPFA_IFR4NPO_CONSULTATIONPART1!X10 -> 0 | G11: =CIPFA_IFR4NPO_CONSULTATIONPART1!Y10 -> 0 | H11: =CIPFA_IFR4NPO_CONSULTATIONPART1!Z10 -> Agree | I11: =CIPFA_IFR4NPO_CONSULTATIONPART1!AA10 -> 0 | J11: =CIPFA_IFR4NPO_CONSULTATIONPART1!AB10 -> 0 | K11: =CIPFA_IFR4NPO_CONSULTATIONPART1!AC10 -> Agree | L11: =CIPFA_IFR4NPO_CONSULTATIONPART1!AD10 -> 0 | ... AB11: =CIPFA_IFR4NPO_CONSULTATIONPART1!AT10 -> 0
A12: 9 | B12: =CIPFA_IFR4NPO_CONSULTATIONPART1!V11 -> Rafat Bandak | C12: =B12 -> Rafat Bandak | D12: Palestine | E12: =CIPFA_IFR4NPO_CONSULTATIONPART1!W11 -> Agree | F12: =CIPFA_IFR4NPO_CONSULTATIONPART1!X11 -> 0 | G12: =CIPFA_IFR4NPO_CONSULTATIONPART1!Y11 -> 0 | H12: =CIPFA_IFR4NPO_CONSULTATIONPART1!Z11 -> Agree | I12: =CIPFA_IFR4NPO_CONSULTATIONPART1!AA11 -> 0 | J12: =CIPFA_IFR4NPO_CONSULTATIONPART1!AB11 -> Community as NPO is responsible for all communities that it work for. | K12: =CIPFA_IFR4NPO_CONSULTATIONPART1!AC11 -> Agree | L12: =CIPFA_IFR4NPO_CONSULTATIONPART1!AD11 -> 0 | ... AB12: =CIPFA_IFR4NPO_CONSULTATIONPART1!AT11 -> 0
A13: 10 | B13: =CIPFA_IFR4NPO_CONSULTATIONPART1!V12 -> ANDRE MAKUTUBU BALIBWANABO | C13: Andrew Makutubu Balibwanabo | D13: Democratic Republic of the Congo | E13: =CIPFA_IFR4NPO_CONSULTATIONPART1!W12 -> Agree | F13: =CIPFA_IFR4NPO_CONSULTATIONPART1!X12 -> 0 | G13: =CIPFA_IFR4NPO_CONSULTATIONPART1!Y12 -> 0 | H13: =CIPFA_IFR4NPO_CONSULTATIONPART1!Z12 -> Agree | I13: =CIPFA_IFR4NPO_CONSULTATIONPART1!AA12 -> 0 | J13: =CIPFA_IFR4NPO_CONSULTATIONPART1!AB12 -> 0 | K13: =CIPFA_IFR4NPO_CONSULTATIONPART1!AC12 -> Agree | L13: =CIPFA_IFR4NPO_CONSULTATIONPART1!AD12 -> 0 | ... AB13: =CIPFA_IFR4NPO_CONSULTATIONPART1!AT12 -> I purpose the IFRs
A14: 11 | B14: =CIPFA_IFR4NPO_CONSULTATIONPART1!V13 -> Rumiya Kamari | C14: =B14 -> Rumiya Kamari | D14: Rwanda | E14: =CIPFA_IFR4NPO_CONSULTATIONPART1!W13 -> Agree | F14: =CIPFA_IFR4NPO_CONSULTATIONPART1!X13 -> 0 | G14: =CIPFA_IFR4NPO_CONSULTATIONPART1!Y13 -> 0 | H14: =CIPFA_IFR4NPO_CONSULTATIONPART1!Z13 -> Agree | I14: =CIPFA_IFR4NPO_CONSULTATIONPART1!AA13 -> 0 | J14: =CIPFA_IFR4NPO_CONSULTATIONPART1!AB13 -> 0 | K14: =CIPFA_IFR4NPO_CONSULTATIONPART1!AC13 -> Agree | L14: =CIPFA_IFR4NPO_CONSULTATIONPART1!AD13 -> 0 | ... AB14: =CIPFA_IFR4NPO_CONSULTATIONPART1!AT13 -> 0
A15: 12 | B15: =CIPFA_IFR4NPO_CONSULTATIONPART1!V14 -> Meti Busha | C15: =B15 -> Meti Busha | D15: Ethiopia | E15: =CIPFA_IFR4NPO_CONSULTATIONPART1!W14 -> Agree | F15: =CIPFA_IFR4NPO_CONSULTATIONPART1!X14 -> 0 | G15: =CIPFA_IFR4NPO_CONSULTATIONPART1!Y14 -> 0 | H15: =CIPFA_IFR4NPO_CONSULTATIONPART1!Z14 -> Agree | I15: =CIPFA_IFR4NPO_CONSULTATIONPART1!AA14 -> 0 | J15: =CIPFA_IFR4NPO_CONSULTATIONPART1!AB14 -> 0 | K15: =CIPFA_IFR4NPO_CONSULTATIONPART1!AC14 -> Agree | L15: =CIPFA_IFR4NPO_CONSULTATIONPART1!AD14 -> 0 | ... AB15: =CIPFA_IFR4NPO_CONSULTATIONPART1!AT14 -> 0
A16: 13 | B16: =CIPFA_IFR4NPO_CONSULTATIONPART1!V15 -> Tim Boyes-Watson | C16: =B16 -> Tim Boyes-Watson | D16: UK | E16: =CIPFA_IFR4NPO_CONSULTATIONPART1!W15 -> Agree | F16: =CIPFA_IFR4NPO_CONSULTATIONPART1!X15 -> 0 | G16: =CIPFA_IFR4NPO_CONSULTATIONPART1!Y15 -> 0 | H16: =CIPFA_IFR4NPO_CONSULTATIONPART1!Z15 -> Agree | I16: =CIPFA_IFR4NPO_CONSULTATIONPART1!AA15 -> 0 | J16: =CIPFA_IFR4NPO_CONSULTATIONPART1!AB15 -> I believe the trustees should be viewed as a group that NPOs are accountable to, as there is often significant separation between the executive management and voluntary trustees. | K16: =CIPFA_IFR4NPO_CONSULTATIONPART1!AC15 -> Agree | L16: =CIPFA_IFR4NPO_CONSULTATIONPART1!AD15 -> 0 | ... AB16: =CIPFA_IFR4NPO_CONSULTATIONPART1!AT15 -> Emerging thinking from New Zealand non-profit accounting should be looked at carefully to see if any of their attempts to chart a more complete framework can be drawn on in developing this guidance. There may also be lessons from integrated reporting and social auditing that could lead to guidance about including quantitative reporting that speaks more to the non-financial objectives and impact of non-profits. However, this will need to be weighed carefully to ensure it adds more value to users than the additional reporting burden it might represent.
A17: 14 | B17: =CIPFA_IFR4NPO_CONSULTATIONPART1!V16 -> Olufemi Temidayo Akintoye | C17: =B17 -> Olufemi Temidayo Akintoye | D17: Nigeria | E17: =CIPFA_IFR4NPO_CONSULTATIONPART1!W16 -> Disagree | F17: =CIPFA_IFR4NPO_CONSULTATIONPART1!X16 -> It is important to focus on the name "NPO" to avoid ambiguity. This project is about NPO hence, Legal Status should be considered as the most important basis for identifying and recognizing an NPO. Recently, many private organizations are getting fundings to implement grants and even though they deliver services for the public benefit they are driven by profit also. In 2019, Chemonics received $1.5 Billion from USAID alone, but they are not NPOs. So there is a need to have a clear difference between an NPO and a PO organisation and the major area of distinction is the legal status, which should be considered in describing NPOs. Secondly, the grant "income" in the third characteristic should be considered as revenue or funding. So, it should read "may have significant voluntary funding and grant revenue" or may have significant voluntary and grant funding. Revenue represents funds received for project implementation while income is the amount remaining after subtracting all expenses associated with project implementation. So the emphasis should be on revenue as against income. | G17: =CIPFA_IFR4NPO_CONSULTATIONPART1!Y16 -> Legal Status should first be the basis for describing an NPO. The character approach is too generic and this can cause confusion to many organisations who by characteristics fit into any of the options provided. However, Legal Status means that before any organisation considers itself as an NPO, it must first register within its jurisdiction as such. Usually, during registration, an organisation must have met the criteria of an NPO which is not far from the characteristics mentioned in GMC 1(a). | H17: =CIPFA_IFR4NPO_CONSULTATIONPART1!Z16 -> Agree | I17: =CIPFA_IFR4NPO_CONSULTATIONPART1!AA16 -> I am assuming that the Government and its Agencies are part of the regulators. | J17: =CIPFA_IFR4NPO_CONSULTATIONPART1!AB16 -> 0 | K17: =CIPFA_IFR4NPO_CONSULTATIONPART1!AC16 -> Agree | L17: =CIPFA_IFR4NPO_CONSULTATIONPART1!AD16 -> 0 | ... AB17: =CIPFA_IFR4NPO_CONSULTATIONPART1!AT16 -> Due to the reason above, Donor's guidelines plus IFRS for SMEs.
A18: 15 | B18: =CIPFA_IFR4NPO_CONSULTATIONPART1!V17 -> Samantha Mutemera | C18: =B18 -> Samantha Mutemera | D18: Zimbabwe | E18: =CIPFA_IFR4NPO_CONSULTATIONPART1!W17 -> Agree | F18: =CIPFA_IFR4NPO_CONSULTATIONPART1!X17 -> 0 | G18: =CIPFA_IFR4NPO_CONSULTATIONPART1!Y17 -> 0 | H18: =CIPFA_IFR4NPO_CONSULTATIONPART1!Z17 -> Agree | I18: =CIPFA_IFR4NPO_CONSULTATIONPART1!AA17 -> 0 | J18: =CIPFA_IFR4NPO_CONSULTATIONPART1!AB17 -> 0 | K18: =CIPFA_IFR4NPO_CONSULTATIONPART1!AC17 -> Agree | L18: =CIPFA_IFR4NPO_CONSULTATIONPART1!AD17 -> 0 | ... AB18: =CIPFA_IFR4NPO_CONSULTATIONPART1!AT17 -> 0
A19: 16 | B19: =CIPFA_IFR4NPO_CONSULTATIONPART1!V18 -> Rutendo M | C19: =B19 -> Rutendo M | D19: Zimbabwe | E19: =CIPFA_IFR4NPO_CONSULTATIONPART1!W18 -> Agree | F19: =CIPFA_IFR4NPO_CONSULTATIONPART1!X18 -> 0 | G19: =CIPFA_IFR4NPO_CONSULTATIONPART1!Y18 -> 0 | H19: =CIPFA_IFR4NPO_CONSULTATIONPART1!Z18 -> Agree | I19: =CIPFA_IFR4NPO_CONSULTATIONPART1!AA18 -> 0 | J19: =CIPFA_IFR4NPO_CONSULTATIONPART1!AB18 -> 0 | K19: =CIPFA_IFR4NPO_CONSULTATIONPART1!AC18 -> Agree | L19: =CIPFA_IFR4NPO_CONSULTATIONPART1!AD18 -> 0 | ... AB19: =CIPFA_IFR4NPO_CONSULTATIONPART1!AT18 -> 0
A20: 17 | B20: =CIPFA_IFR4NPO_CONSULTATIONPART1!V19 -> Dunstan Ian Rukare | C20: =B20 -> Dunstan Ian Rukare | D20: Uganda | E20: =CIPFA_IFR4NPO_CONSULTATIONPART1!W19 -> Agree | F20: =CIPFA_IFR4NPO_CONSULTATIONPART1!X19 -> 0 | G20: =CIPFA_IFR4NPO_CONSULTATIONPART1!Y19 -> 0 | H20: =CIPFA_IFR4NPO_CONSULTATIONPART1!Z19 -> Agree | I20: =CIPFA_IFR4NPO_CONSULTATIONPART1!AA19 -> 0 | J20: =CIPFA_IFR4NPO_CONSULTATIONPART1!AB19 -> 0 | K20: =CIPFA_IFR4NPO_CONSULTATIONPART1!AC19 -> Agree | L20: =CIPFA_IFR4NPO_CONSULTATIONPART1!AD19 -> 0 | ... AB20: =CIPFA_IFR4NPO_CONSULTATIONPART1!AT19 -> 0
A21: 18 | B21: =CIPFA_IFR4NPO_CONSULTATIONPART1!V20 -> Leslie Williams | C21: =B21 -> Leslie Williams | D21: Sierra Leone | E21: =CIPFA_IFR4NPO_CONSULTATIONPART1!W20 -> Agree | F21: =CIPFA_IFR4NPO_CONSULTATIONPART1!X20 -> I feel that by and large these broad characteristics do capture the organisations that I feel should be within this framework | G21: =CIPFA_IFR4NPO_CONSULTATIONPART1!Y20 -> 0 | H21: =CIPFA_IFR4NPO_CONSULTATIONPART1!Z20 -> Agree | I21: =CIPFA_IFR4NPO_CONSULTATIONPART1!AA20 -> I strongly agree | J21: =CIPFA_IFR4NPO_CONSULTATIONPART1!AB20 -> 0 | K21: =CIPFA_IFR4NPO_CONSULTATIONPART1!AC20 -> Agree | L21: =CIPFA_IFR4NPO_CONSULTATIONPART1!AD20 -> These are the essential ingredients that governs an NPO's operation if information around these are not available then it stands to reason that an NPO should not exist. | ... AB21: =CIPFA_IFR4NPO_CONSULTATIONPART1!AT20 -> Not sure of an alternate model now, as we have to have a starting point and the existing standards, IFRS for SME's Full IFRS and IPSAS does provide a great platform to build to craft an appropriate guidance
A22: 19 | B22: =CIPFA_IFR4NPO_CONSULTATIONPART1!V21 -> Owen Mavengere | C22: =B22 -> Owen Mavengere | D22: Zimbabwe | E22: =CIPFA_IFR4NPO_CONSULTATIONPART1!W21 -> Agree | F22: =CIPFA_IFR4NPO_CONSULTATIONPART1!X21 -> 0 | G22: =CIPFA_IFR4NPO_CONSULTATIONPART1!Y21 -> 0 | H22: =CIPFA_IFR4NPO_CONSULTATIONPART1!Z21 -> Agree | I22: =CIPFA_IFR4NPO_CONSULTATIONPART1!AA21 -> 0 | J22: =CIPFA_IFR4NPO_CONSULTATIONPART1!AB21 -> 0 | K22: =CIPFA_IFR4NPO_CONSULTATIONPART1!AC21 -> Agree | L22: =CIPFA_IFR4NPO_CONSULTATIONPART1!AD21 -> 0 | ... AB22: =CIPFA_IFR4NPO_CONSULTATIONPART1!AT21 -> 0
A23: 20 | B23: =CIPFA_IFR4NPO_CONSULTATIONPART1!V22 -> Nigel Joseph Ndekwere | C23: =B23 -> Nigel Joseph Ndekwere | D23: South Africa | E23: =CIPFA_IFR4NPO_CONSULTATIONPART1!W22 -> Agree | F23: =CIPFA_IFR4NPO_CONSULTATIONPART1!X22 -> 0 | G23: =CIPFA_IFR4NPO_CONSULTATIONPART1!Y22 -> 0 | H23: =CIPFA_IFR4NPO_CONSULTATIONPART1!Z22 -> Agree | I23: =CIPFA_IFR4NPO_CONSULTATIONPART1!AA22 -> 0 | J23: =CIPFA_IFR4NPO_CONSULTATIONPART1!AB22 -> 0 | K23: =CIPFA_IFR4NPO_CONSULTATIONPART1!AC22 -> Agree | L23: =CIPFA_IFR4NPO_CONSULTATIONPART1!AD22 -> 0 | ... AB23: =CIPFA_IFR4NPO_CONSULTATIONPART1!AT22 -> 0
A24: 21 | B24: =CIPFA_IFR4NPO_CONSULTATIONPART1!V23 -> Steve Brentnall | C24: =B24 -> Steve Brentnall | D24: UK | E24: =CIPFA_IFR4NPO_CONSULTATIONPART1!W23 -> Agree | F24: =CIPFA_IFR4NPO_CONSULTATIONPART1!X23 -> 0 | G24: =CIPFA_IFR4NPO_CONSULTATIONPART1!Y23 -> 0 | H24: =CIPFA_IFR4NPO_CONSULTATIONPART1!Z23 -> Agree | I24: =CIPFA_IFR4NPO_CONSULTATIONPART1!AA23 -> 0 | J24: =CIPFA_IFR4NPO_CONSULTATIONPART1!AB23 -> 0 | K24: =CIPFA_IFR4NPO_CONSULTATIONPART1!AC23 -> Agree | L24: =CIPFA_IFR4NPO_CONSULTATIONPART1!AD23 -> 0 | ... AB24: =CIPFA_IFR4NPO_CONSULTATIONPART1!AT23 -> 0
A25: 22 | B25: =CIPFA_IFR4NPO_CONSULTATIONPART1!V24 -> Hilda Hakiza | C25: =B25 -> Hilda Hakiza | D25: Uganda | E25: =CIPFA_IFR4NPO_CONSULTATIONPART1!W24 -> Agree | F25: =CIPFA_IFR4NPO_CONSULTATIONPART1!X24 -> 0 | G25: =CIPFA_IFR4NPO_CONSULTATIONPART1!Y24 -> 0 | H25: =CIPFA_IFR4NPO_CONSULTATIONPART1!Z24 -> Agree | I25: =CIPFA_IFR4NPO_CONSULTATIONPART1!AA24 -> 0 | J25: =CIPFA_IFR4NPO_CONSULTATIONPART1!AB24 -> 0 | K25: =CIPFA_IFR4NPO_CONSULTATIONPART1!AC24 -> Agree | L25: =CIPFA_IFR4NPO_CONSULTATIONPART1!AD24 -> 0 | ... AB25: =CIPFA_IFR4NPO_CONSULTATIONPART1!AT24 -> 0
... A39: 36 | B39: =CIPFA_IFR4NPO_CONSULTATIONPART1!V38 -> Wilfred Ndonye Kimeu | C39: =B39 -> Wilfred Ndonye Kimeu | D39: Kenya | E39: =CIPFA_IFR4NPO_CONSULTATIONPART1!W38 -> Agree | F39: =CIPFA_IFR4NPO_CONSULTATIONPART1!X38 -> 0 | G39: =CIPFA_IFR4NPO_CONSULTATIONPART1!Y38 -> 0 | H39: =CIPFA_IFR4NPO_CONSULTATIONPART1!Z38 -> Agree | I39: =CIPFA_IFR4NPO_CONSULTATIONPART1!AA38 -> 0 | J39: =CIPFA_IFR4NPO_CONSULTATIONPART1!AB38 -> 0 | K39: =CIPFA_IFR4NPO_CONSULTATIONPART1!AC38 -> Agree | L39: =CIPFA_IFR4NPO_CONSULTATIONPART1!AD38 -> 0 | ... AB39: =CIPFA_IFR4NPO_CONSULTATIONPART1!AT38 -> 0
A40: 37 | B40: =CIPFA_IFR4NPO_CONSULTATIONPART1!V39 -> OUMOU WANE TOURE | C40: Oumou Wane Toure | D40: Senegal | E40: =CIPFA_IFR4NPO_CONSULTATIONPART1!W39 -> Agree | F40: =CIPFA_IFR4NPO_CONSULTATIONPART1!X39 -> 0 | G40: =CIPFA_IFR4NPO_CONSULTATIONPART1!Y39 -> 0 | H40: =CIPFA_IFR4NPO_CONSULTATIONPART1!Z39 -> Agree | I40: =CIPFA_IFR4NPO_CONSULTATIONPART1!AA39 -> 0 | J40: =CIPFA_IFR4NPO_CONSULTATIONPART1!AB39 -> 0 | K40: =CIPFA_IFR4NPO_CONSULTATIONPART1!AC39 -> Agree | L40: =CIPFA_IFR4NPO_CONSULTATIONPART1!AD39 -> 0 | ... AB40: =CIPFA_IFR4NPO_CONSULTATIONPART1!AT39 -> 0
A41: 38 | B41: =CIPFA_IFR4NPO_CONSULTATIONPART1!V40 -> Getnet Haile | C41: =B41 -> Getnet Haile | D41: Ethiopia | E41: =CIPFA_IFR4NPO_CONSULTATIONPART1!W40 -> Agree | F41: =CIPFA_IFR4NPO_CONSULTATIONPART1!X40 -> 0 | G41: =CIPFA_IFR4NPO_CONSULTATIONPART1!Y40 -> Mobilize the community for a participatory social services (for some of the NPOs) | H41: =CIPFA_IFR4NPO_CONSULTATIONPART1!Z40 -> Agree | I41: =CIPFA_IFR4NPO_CONSULTATIONPART1!AA40 -> 0 | J41: =CIPFA_IFR4NPO_CONSULTATIONPART1!AB40 -> 0 | K41: =CIPFA_IFR4NPO_CONSULTATIONPART1!AC40 -> Agree | L41: =CIPFA_IFR4NPO_CONSULTATIONPART1!AD40 -> 0 | ... AB41: =CIPFA_IFR4NPO_CONSULTATIONPART1!AT40 -> I suggest for having an IPSAS version for NPOs as we have the IFRS for SMEs. IPSAS is basically designed for Public (Government) which has huge and complex resources. Other than other big International NPOs, most of the NPOs in our context falls with a similar threshold for SMEs. It will be a challenge for an implementer selecting the appropriate standard from IFRS or IPSAS when it is not available at IFRS for SMEs.
A42: 39 | B42: =CIPFA_IFR4NPO_CONSULTATIONPART1!V41 -> Fernando Catacora | C42: =B42 -> Fernando Catacora | D42: Peru | E42: =CIPFA_IFR4NPO_CONSULTATIONPART1!W41 -> Agree | F42: =CIPFA_IFR4NPO_CONSULTATIONPART1!X41 -> I would add "deliver services or goods" for public benefit I would add the concept of inflows and outflows instead of the typical terminology for the For-profit type of entities. We think it is critical to create a specific dictionary of specific terms for NPOs | G42: =CIPFA_IFR4NPO_CONSULTATIONPART1!Y41 -> 0 | H42: =CIPFA_IFR4NPO_CONSULTATIONPART1!Z41 -> Agree | I42: =CIPFA_IFR4NPO_CONSULTATIONPART1!AA41 -> 0 | J42: =CIPFA_IFR4NPO_CONSULTATIONPART1!AB41 -> This needs heavy research in order to categorize all the different stakeholders involved as they relate to the NPO world. Field research into private and public databases would need to dig into the different relationships that can be depicted from the data. | K42: =CIPFA_IFR4NPO_CONSULTATIONPART1!AC41 -> Agree | L42: =CIPFA_IFR4NPO_CONSULTATIONPART1!AD41 -> 0 | ... AB42: =CIPFA_IFR4NPO_CONSULTATIONPART1!AT41 -> Refer to the below proposal of a 'Conceptual Framework for Non-Profit Organizations" Conceptual Framework for Financial Reporting of Non-Profit entities Contents INTRODUCTION CHAPTER 1 – FOUNDATIONS OF THE NON-PROFIT ENTITIES Introduction Mission and nature of non-profit entities Measurement of mission for non-profit entities Resources, sources and uses CHAPTER 2 – OBJECTIVES OF NON-PROFIT FINANCIAL REPORTING Introduction Main goals on financial reporting for non-profit entities Users and characteristics of financial reporting for non-profit entities Limitations and requirements of financial reporting Cost and transparency for useful reporting of financial information CHAPTER 3 – CHARACTERISTICS OF REQUIRED FINANCIAL INFORMATION Introduction Qualitative characteristics of useful and reliable financial information Regulatory, legal and compliance requirements on financial information Association of entity’s mission and financial information CHAPTER 4 – FINANCIAL REPORTING STATEMENTS Introduction The role of financial statements and resources utilization reporting Going concern relevance for non-profit entities For profit activities under the reporting entity CHAPTER 5 – ELEMENTS OF FINANCIAL INFORMATION Introduction Definition of resources used by the entity Definition of obligation to transfer resources Definition of resources inflows related to mission operations Definition of resources outflows related to mission operations CHAPTER 6 – RECOGNITION, MEASUREMENT AND DISCLOSURE Introduction Recognition process and criteria Derecognition Measurement parameters and rationale to evaluate different bases Transparency and disclosure relationship Classification, aggregation, and categorization of line items APPENDICES Glossary
A43: 40 | B43: =CIPFA_IFR4NPO_CONSULTATIONPART1!V42 -> Bezuayehu Mengesha | C43: =B43 -> Bezuayehu Mengesha | D43: Ethiopia | E43: =CIPFA_IFR4NPO_CONSULTATIONPART1!W42 -> Agree | F43: =CIPFA_IFR4NPO_CONSULTATIONPART1!X42 -> 0 | G43: =CIPFA_IFR4NPO_CONSULTATIONPART1!Y42 -> 0 | H43: =CIPFA_IFR4NPO_CONSULTATIONPART1!Z42 -> Agree | I43: =CIPFA_IFR4NPO_CONSULTATIONPART1!AA42 -> 0 | J43: =CIPFA_IFR4NPO_CONSULTATIONPART1!AB42 -> 0 | K43: =CIPFA_IFR4NPO_CONSULTATIONPART1!AC42 -> Agree | L43: =CIPFA_IFR4NPO_CONSULTATIONPART1!AD42 -> 0 | ... AB43: =CIPFA_IFR4NPO_CONSULTATIONPART1!AT42 -> 0
A44: 41 | B44: =CIPFA_IFR4NPO_CONSULTATIONPART1!V43 -> CPA. Ronald Kaweesi | C44: Ronald Kaweesi | D44: Uganda | E44: =CIPFA_IFR4NPO_CONSULTATIONPART1!W43 -> Agree | F44: =CIPFA_IFR4NPO_CONSULTATIONPART1!X43 -> 0 | G44: =CIPFA_IFR4NPO_CONSULTATIONPART1!Y43 -> 0 | H44: =CIPFA_IFR4NPO_CONSULTATIONPART1!Z43 -> Agree | I44: =CIPFA_IFR4NPO_CONSULTATIONPART1!AA43 -> 0 | J44: =CIPFA_IFR4NPO_CONSULTATIONPART1!AB43 -> 0 | K44: =CIPFA_IFR4NPO_CONSULTATIONPART1!AC43 -> Agree | L44: =CIPFA_IFR4NPO_CONSULTATIONPART1!AD43 -> 0 | ... AB44: =CIPFA_IFR4NPO_CONSULTATIONPART1!AT43 -> None
A45: 42 | B45: =CIPFA_IFR4NPO_CONSULTATIONPART1!V44 -> Pascal Ndahayo | C45: =B45 -> Pascal Ndahayo | D45: Rwanda | E45: =CIPFA_IFR4NPO_CONSULTATIONPART1!W44 -> Agree | F45: =CIPFA_IFR4NPO_CONSULTATIONPART1!X44 -> 0 | G45: =CIPFA_IFR4NPO_CONSULTATIONPART1!Y44 -> 0 | H45: =CIPFA_IFR4NPO_CONSULTATIONPART1!Z44 -> Agree | I45: =CIPFA_IFR4NPO_CONSULTATIONPART1!AA44 -> 0 | J45: =CIPFA_IFR4NPO_CONSULTATIONPART1!AB44 -> 0 | K45: =CIPFA_IFR4NPO_CONSULTATIONPART1!AC44 -> Agree | L45: =CIPFA_IFR4NPO_CONSULTATIONPART1!AD44 -> 0 | ... AB45: =CIPFA_IFR4NPO_CONSULTATIONPART1!AT44 -> 0
A46: 43 | B46: =CIPFA_IFR4NPO_CONSULTATIONPART1!V45 -> Musabe James Magson | C46: =B46 -> Musabe James Magson | D46: Uganda | E46: =CIPFA_IFR4NPO_CONSULTATIONPART1!W45 -> Agree | F46: =CIPFA_IFR4NPO_CONSULTATIONPART1!X45 -> 0 | G46: =CIPFA_IFR4NPO_CONSULTATIONPART1!Y45 -> 0 | H46: =CIPFA_IFR4NPO_CONSULTATIONPART1!Z45 -> Agree | I46: =CIPFA_IFR4NPO_CONSULTATIONPART1!AA45 -> 0 | J46: =CIPFA_IFR4NPO_CONSULTATIONPART1!AB45 -> 0 | K46: =CIPFA_IFR4NPO_CONSULTATIONPART1!AC45 -> Agree | L46: =CIPFA_IFR4NPO_CONSULTATIONPART1!AD45 -> 0 | ... AB46: =CIPFA_IFR4NPO_CONSULTATIONPART1!AT45 -> 0
A47: 44 | B47: =CIPFA_IFR4NPO_CONSULTATIONPART1!V46 -> Mariama Kalidou SOW | C47: Mariama Kalidou Sow | D47: Senegal | E47: =CIPFA_IFR4NPO_CONSULTATIONPART1!W46 -> Agree | F47: =CIPFA_IFR4NPO_CONSULTATIONPART1!X46 -> 0 | G47: =CIPFA_IFR4NPO_CONSULTATIONPART1!Y46 -> 0 | H47: =CIPFA_IFR4NPO_CONSULTATIONPART1!Z46 -> Agree | I47: =CIPFA_IFR4NPO_CONSULTATIONPART1!AA46 -> 0 | J47: =CIPFA_IFR4NPO_CONSULTATIONPART1!AB46 -> 0 | K47: =CIPFA_IFR4NPO_CONSULTATIONPART1!AC46 -> Agree | L47: =CIPFA_IFR4NPO_CONSULTATIONPART1!AD46 -> 0 | ... AB47: =CIPFA_IFR4NPO_CONSULTATIONPART1!AT46 -> 0
A48: 45 | B48: =CIPFA_IFR4NPO_CONSULTATIONPART1!V47 -> Bev Bolton | C48: =B48 -> Bev Bolton | D48: Australia | E48: =CIPFA_IFR4NPO_CONSULTATIONPART1!W47 -> Agree | F48: =CIPFA_IFR4NPO_CONSULTATIONPART1!X47 -> 0 | G48: =CIPFA_IFR4NPO_CONSULTATIONPART1!Y47 -> 0 | H48: =CIPFA_IFR4NPO_CONSULTATIONPART1!Z47 -> Agree | I48: =CIPFA_IFR4NPO_CONSULTATIONPART1!AA47 -> 0 | J48: =CIPFA_IFR4NPO_CONSULTATIONPART1!AB47 -> 0 | K48: =CIPFA_IFR4NPO_CONSULTATIONPART1!AC47 -> Agree | L48: =CIPFA_IFR4NPO_CONSULTATIONPART1!AD47 -> 0 | ... AB48: =CIPFA_IFR4NPO_CONSULTATIONPART1!AT47 -> we find the AASB standards with specific paragraphs identified as applicable to not-for-profit organisations & reduced disclosure reporting to suit our purposes
A49: 46 | B49: =CIPFA_IFR4NPO_CONSULTATIONPART1!V48 -> Tina Carolyn Mkandawire | C49: =B49 -> Tina Carolyn Mkandawire | D49: Malawi | E49: =CIPFA_IFR4NPO_CONSULTATIONPART1!W48 -> Agree | F49: =CIPFA_IFR4NPO_CONSULTATIONPART1!X48 -> 0 | G49: =CIPFA_IFR4NPO_CONSULTATIONPART1!Y48 -> 0 | H49: =CIPFA_IFR4NPO_CONSULTATIONPART1!Z48 -> Agree | I49: =CIPFA_IFR4NPO_CONSULTATIONPART1!AA48 -> 0 | J49: =CIPFA_IFR4NPO_CONSULTATIONPART1!AB48 -> 0 | K49: =CIPFA_IFR4NPO_CONSULTATIONPART1!AC48 -> Agree | L49: =CIPFA_IFR4NPO_CONSULTATIONPART1!AD48 -> 0 | ... AB49: =CIPFA_IFR4NPO_CONSULTATIONPART1!AT48 -> 0
A50: 47 | B50: =CIPFA_IFR4NPO_CONSULTATIONPART1!V49 -> EPUA Martin George | C50: Epua Martin George | D50: Uganda | E50: =CIPFA_IFR4NPO_CONSULTATIONPART1!W49 -> Agree | F50: =CIPFA_IFR4NPO_CONSULTATIONPART1!X49 -> 0 | G50: =CIPFA_IFR4NPO_CONSULTATIONPART1!Y49 -> 0 | H50: =CIPFA_IFR4NPO_CONSULTATIONPART1!Z49 -> Agree | I50: =CIPFA_IFR4NPO_CONSULTATIONPART1!AA49 -> 0 | J50: =CIPFA_IFR4NPO_CONSULTATIONPART1!AB49 -> 0 | K50: =CIPFA_IFR4NPO_CONSULTATIONPART1!AC49 -> Agree | L50: =CIPFA_IFR4NPO_CONSULTATIONPART1!AD49 -> 0 | ... AB50: =CIPFA_IFR4NPO_CONSULTATIONPART1!AT49 -> The NPO are generally and offspring of the Gaps in Public service delivery . The service are provided by NPO to community at a free cost majorly. Therefore it is good to adopt the frame work of IPSAS that look at service delivery.
A51: 48 | B51: =CIPFA_IFR4NPO_CONSULTATIONPART1!V51 -> Kim Schwartz | C51: =B51 -> Kim Schwartz | D51: USA | E51: =CIPFA_IFR4NPO_CONSULTATIONPART1!W51 -> Agree | F51: =CIPFA_IFR4NPO_CONSULTATIONPART1!X51 -> 0 | G51: =CIPFA_IFR4NPO_CONSULTATIONPART1!Y51 -> 0 | H51: =CIPFA_IFR4NPO_CONSULTATIONPART1!Z51 -> Agree | I51: =CIPFA_IFR4NPO_CONSULTATIONPART1!AA51 -> 0 | J51: =CIPFA_IFR4NPO_CONSULTATIONPART1!AB51 -> 0 | K51: =CIPFA_IFR4NPO_CONSULTATIONPART1!AC51 -> Agree | L51: =CIPFA_IFR4NPO_CONSULTATIONPART1!AD51 -> 0 | ... AB51: =CIPFA_IFR4NPO_CONSULTATIONPART1!AT51 -> 0
A52: 49 | B52: =CIPFA_IFR4NPO_CONSULTATIONPART1!V52 -> Annie Akosua Akpene Agba | C52: =B52 -> Annie Akosua Akpene Agba | D52: Ghana | E52: =CIPFA_IFR4NPO_CONSULTATIONPART1!W52 -> Agree | F52: =CIPFA_IFR4NPO_CONSULTATIONPART1!X52 -> 0 | G52: =CIPFA_IFR4NPO_CONSULTATIONPART1!Y52 -> 0 | H52: =CIPFA_IFR4NPO_CONSULTATIONPART1!Z52 -> Agree | I52: =CIPFA_IFR4NPO_CONSULTATIONPART1!AA52 -> 0 | J52: =CIPFA_IFR4NPO_CONSULTATIONPART1!AB52 -> 0 | K52: =CIPFA_IFR4NPO_CONSULTATIONPART1!AC52 -> Agree | L52: =CIPFA_IFR4NPO_CONSULTATIONPART1!AD52 -> 0 | ... AB52: =CIPFA_IFR4NPO_CONSULTATIONPART1!AT52 -> National models can be set across board to ensure that conformity and uniformity is achieved across board at the end of each reporting period.
A53: 50 | B53: =CIPFA_IFR4NPO_CONSULTATIONPART1!V53 -> Willian Almeida | C53: =B53 -> Willian Almeida | D53: Brazil | E53: =CIPFA_IFR4NPO_CONSULTATIONPART1!W53 -> Agree | F53: =CIPFA_IFR4NPO_CONSULTATIONPART1!X53 -> 0 | G53: =CIPFA_IFR4NPO_CONSULTATIONPART1!Y53 -> 0 | H53: =CIPFA_IFR4NPO_CONSULTATIONPART1!Z53 -> Agree | I53: =CIPFA_IFR4NPO_CONSULTATIONPART1!AA53 -> 0 | J53: =CIPFA_IFR4NPO_CONSULTATIONPART1!AB53 -> 0 | K53: =CIPFA_IFR4NPO_CONSULTATIONPART1!AC53 -> Agree | L53: =CIPFA_IFR4NPO_CONSULTATIONPART1!AD53 -> 0 | ... AB53: =CIPFA_IFR4NPO_CONSULTATIONPART1!AT53 -> 0
A54: 51 | B54: =CIPFA_IFR4NPO_CONSULTATIONPART1!V54 -> Hasan | C54: Hasan Haseri | D54: Turkey | E54: =CIPFA_IFR4NPO_CONSULTATIONPART1!W54 -> Agree | F54: =CIPFA_IFR4NPO_CONSULTATIONPART1!X54 -> 0 | G54: =CIPFA_IFR4NPO_CONSULTATIONPART1!Y54 -> 0 | H54: =CIPFA_IFR4NPO_CONSULTATIONPART1!Z54 -> Agree | I54: =CIPFA_IFR4NPO_CONSULTATIONPART1!AA54 -> 0 | J54: =CIPFA_IFR4NPO_CONSULTATIONPART1!AB54 -> 0 | K54: =CIPFA_IFR4NPO_CONSULTATIONPART1!AC54 -> Agree | L54: =CIPFA_IFR4NPO_CONSULTATIONPART1!AD54 -> 0 | ... AB54: =CIPFA_IFR4NPO_CONSULTATIONPART1!AT54 -> 0
A55: 52 | B55: =CIPFA_IFR4NPO_CONSULTATIONPART1!V55 -> Edmond Shoko-Lekhuleni | C55: =B55 -> Edmond Shoko-Lekhuleni | D55: South Africa | E55: =CIPFA_IFR4NPO_CONSULTATIONPART1!W55 -> Agree | F55: =CIPFA_IFR4NPO_CONSULTATIONPART1!X55 -> N/a | G55: =CIPFA_IFR4NPO_CONSULTATIONPART1!Y55 -> 0 | H55: =CIPFA_IFR4NPO_CONSULTATIONPART1!Z55 -> Agree | I55: =CIPFA_IFR4NPO_CONSULTATIONPART1!AA55 -> N/a | J55: =CIPFA_IFR4NPO_CONSULTATIONPART1!AB55 -> None | K55: =CIPFA_IFR4NPO_CONSULTATIONPART1!AC55 -> Agree | L55: =CIPFA_IFR4NPO_CONSULTATIONPART1!AD55 -> N/a | ... AB55: =CIPFA_IFR4NPO_CONSULTATIONPART1!AT55 -> None
A56: 53 | B56: =CIPFA_IFR4NPO_CONSULTATIONPART1!V56 -> Steven Baal | C56: =B56 -> Steven Baal | D56: Canada | E56: =CIPFA_IFR4NPO_CONSULTATIONPART1!W56 -> Agree | F56: =CIPFA_IFR4NPO_CONSULTATIONPART1!X56 -> 0 | G56: =CIPFA_IFR4NPO_CONSULTATIONPART1!Y56 -> 0 | H56: =CIPFA_IFR4NPO_CONSULTATIONPART1!Z56 -> Agree | I56: =CIPFA_IFR4NPO_CONSULTATIONPART1!AA56 -> 0 | J56: =CIPFA_IFR4NPO_CONSULTATIONPART1!AB56 -> 0 | K56: =CIPFA_IFR4NPO_CONSULTATIONPART1!AC56 -> Agree | L56: =CIPFA_IFR4NPO_CONSULTATIONPART1!AD56 -> 0 | ... AB56: =CIPFA_IFR4NPO_CONSULTATIONPART1!AT56 -> 0

Sheet Response
A1: IFR4NPO Responses Consultation Paper Part 1 - Individuals
C3: Type the number of the record you wish to view from the list tab.
A4: Record | C4: 1
A5: Name | C5: =VLOOKUP(C4,List!A:C,3,0) -> Robert Stephens
A6: Country | C6: =VLOOKUP(C4,List!A:D,4,0) -> Jamaica
A8: Chapter | B8: Code | C8: Question | D8: Response
A9: 1 - Who are NPOs? | B9: GMC1a_Agreement | C9: GMC1: Do you agree with the broad characteristics proposed in Chapter 1 for describing NPOs? | D9: {=INDEX(List!A$3:AB$56,MATCH(Response!$C$4,List!$A:$A,0)-2,MATCH(Response!$B9,List!$3:$3,0))} -> Agree
B10: GMC1a_IfNotWhyNot | C10: If not, why not? | D10: {=INDEX(List!A$3:AB$56,MATCH(Response!$C$4,List!$A:$A,0)-2,MATCH(Response!$B10,List!$3:$3,0))} -> 0
B11: GMC1a_SupportingInfo | C11: Which alternative characteristics would you propose, and why? | D11: {=INDEX(List!A$3:AB$56,MATCH(Response!$C$4,List!$A:$A,0)-2,MATCH(Response!$B11,List!$3:$3,0))} -> 0
A12: 2 - NPO stakeholders and what are their needs | B12: GMC2a_Agreement | C12: GMC2a: Do you agree that NPOs are accountable to service users, resource providers, and regulators and have societal accountability? | D12: {=INDEX(List!A$3:AB$56,MATCH(Response!$C$4,List!$A:$A,0)-2,MATCH(Response!$B12,List!$3:$3,0))} -> Agree
B13: GMC2a_IfNotWhyNot | C13: If not, why not? | D13: {=INDEX(List!A$3:AB$56,MATCH(Response!$C$4,List!$A:$A,0)-2,MATCH(Response!$B13,List!$3:$3,0))} -> 0
B14: GMC2a_SupportingInfo | C14: What alternative groups would you propose that NPOs can be seen as accountable to, and why? | D14: {=INDEX(List!A$3:AB$56,MATCH(Response!$C$4,List!$A:$A,0)-2,MATCH(Response!$B14,List!$3:$3,0))} -> Resource Providers include Members of the Board of Directors of the NPO who are usually volunteers who give their time and inputs for free and do not expect or request compensation for their services.
B15: GMC2b_Agreement | C15: GMC2b: Do you agree that external stakeholders require information on an NPO’s achievement of objectives, economy efficiency and effectiveness, compliance with restrictions and regulations, and longer term financial health, for accountability and decision-making purposes? | D15: {=INDEX(List!A$3:AB$56,MATCH(Response!$C$4,List!$A:$A,0)-2,MATCH(Response!$B15,List!$3:$3,0))} -> Agree
B16: GMC2b_IfNotWhyNot | C16: If not, why not? | D16: {=INDEX(List!A$3:AB$56,MATCH(Response!$C$4,List!$A:$A,0)-2,MATCH(Response!$B16,List!$3:$3,0))} -> 0
B17: GMC2b_SupportingInfo | C17: What alternative areas would you propose and why? | D17: {=INDEX(List!A$3:AB$56,MATCH(Response!$C$4,List!$A:$A,0)-2,MATCH(Response!$B17,List!$3:$3,0))} -> 0
B18: GMC2c_Agreement | C18: GMC2c: Do you agree with the issues that have been identified with current accountability and decision-making arrangements for NPOs? | D18: {=INDEX(List!A$3:AB$56,MATCH(Response!$C$4,List!$A:$A,0)-2,MATCH(Response!$B18,List!$3:$3,0))} -> Agree
B19: GMC2c_IfNotWhyNot | C19: If not, why not? | D19: {=INDEX(List!A$3:AB$56,MATCH(Response!$C$4,List!$A:$A,0)-2,MATCH(Response!$B19,List!$3:$3,0))} -> 0
B20: GMC2c_SupportingInfo | C20: Are there any other issues with current accountability and decision-making arrangements, particularly financial accountability to donors, that you would wish to highlight? | D20: {=INDEX(List!A$3:AB$56,MATCH(Response!$C$4,List!$A:$A,0)-2,MATCH(Response!$B20,List!$3:$3,0))} -> 0
A21: 3 - Essential aspects of NPO Financial Reporting Guidance | B21: GMC3a_SupportingInfo | C21: GMC3a: What, if any, do you see as the main challenges with Guidance that is accrual-based? | D21: {=INDEX(List!A$3:AB$56,MATCH(Response!$C$4,List!$A:$A,0)-2,MATCH(Response!$B21,List!$3:$3,0))} -> Guidance that is accrual-based the main challenge for small to medium-sized NPO’s is financing the cost of auditors to provide the detailed accrual-based accounting reports that most stakeholders require but do not provide funding to support.
B22: GMC3b_SupportingInfo | C22: GMC3b: What, if any, do you see as the main challenges with Guidance that includes non-financial information reporting? | D22: {=INDEX(List!A$3:AB$56,MATCH(Response!$C$4,List!$A:$A,0)-2,MATCH(Response!$B22,List!$3:$3,0))} -> Guidance that includes non-financial information reporting requires that NPO’s select qualified and competent managers and accountants and members of their boards of directors.
A23: 4 - Existing frameworks | B23: GMC4a_Agreement | C23: GMC4a: Do you agree that international frameworks are the best start point for the Guidance? If not, why not? | D23: {=INDEX(List!A$3:AB$56,MATCH(Response!$C$4,List!$A:$A,0)-2,MATCH(Response!$B23,List!$3:$3,0))} -> Agree
B24: GMC4a_IfNotWhyNot | C24: If not, why not? | D24: {=INDEX(List!A$3:AB$56,MATCH(Response!$C$4,List!$A:$A,0)-2,MATCH(Response!$B24,List!$3:$3,0))} -> 0
B25: GMC4b_Agreement | C25: GMC4b: Do you agree with the criteria that have been used to assess the suitability of the existing international frameworks? | D25: {=INDEX(List!A$3:AB$56,MATCH(Response!$C$4,List!$A:$A,0)-2,MATCH(Response!$B25,List!$3:$3,0))} -> Agree
B26: GMC4b_IfNotWhyNot | C26: If not, why not? | D26: {=INDEX(List!A$3:AB$56,MATCH(Response!$C$4,List!$A:$A,0)-2,MATCH(Response!$B26,List!$3:$3,0))} -> 0
B27: GMC4b_SupportingInfo | C27: What other criteria do you believe could be used and why? | D27: {=INDEX(List!A$3:AB$56,MATCH(Response!$C$4,List!$A:$A,0)-2,MATCH(Response!$B27,List!$3:$3,0))} -> 0
B28: GMC4c_Agreement | C28: GMC4c: Do you agree with the high-level assessment of the existing international frameworks against these criteria? | D28: {=INDEX(List!A$3:AB$56,MATCH(Response!$C$4,List!$A:$A,0)-2,MATCH(Response!$B28,List!$3:$3,0))} -> Agree
B29: GMC4c_IfNotWhyNot | C29: If not, why not? | D29: {=INDEX(List!A$3:AB$56,MATCH(Response!$C$4,List!$A:$A,0)-2,MATCH(Response!$B29,List!$3:$3,0))} -> 0
B30: GMC4c_SupportingInfo | C30: What assessment would you make and why? | D30: {=INDEX(List!A$3:AB$56,MATCH(Response!$C$4,List!$A:$A,0)-2,MATCH(Response!$B30,List!$3:$3,0))} -> 0
A31: 5 - Proposed model | B31: GMC5a_MainChallenges | C31: GMC5a: What do you see as the main challenges, if any, with the proposed model and the use of the IFRS for SMEs Standard as the foundational framework? | D31: {=INDEX(List!A$3:AB$56,MATCH(Response!$C$4,List!$A:$A,0)-2,MATCH(Response!$B31,List!$3:$3,0))} -> The main challenges will be to ensure the requirements for transparency and reporting by NPO’s are added where appropriate.
B32: GMC5a_AlternativeModelFoundationFramework | C32: GMC5b: What, if any, alternative model and/or foundational framework do you suggest would be more suitable and why? | D32: {=INDEX(List!A$3:AB$56,MATCH(Response!$C$4,List!$A:$A,0)-2,MATCH(Response!$B32,List!$3:$3,0))} -> 0
A34: Click on the + sign to expand the questions and responses in each chapter
A35: GMC = General Matters for Comment. These are the question references used in the Consultation Paper
A36: In case a response is too long to view easily, you can copy and paste (values) into the unprotected blank sheet provided

Sheet Blank
